 Dungeon Crawl Stone Soup version 0.32-a0-886-g41c5271027 (webtiles) character file.

Game seed: 5717535242992442092

16476402 GNSpeed the Bringer of Light (level 27, 179/179 HPs)
             Began as a Gargoyle Berserker on Mar 30, 2024.
             Was the Champion of the Shining One.
             Escaped with the Orb
             ... and 15 runes on Apr 2, 2024!
             The game lasted 05:48:55 (94649 turns).

GNSpeed the Bringer of Light (Gargoyle Berserker)  Turns: 94649, Time: 05:48:56

Health: 179/179    AC: 68    Str: 29 (34) XL:     27
Magic:  42/42      EV: 18    Int: 16      God:    the Shining One [******]
Gold:   14842      SH: 30    Dex: 16 (17) Spells: 33/56 levels left

rFire   + + +        w - +7 consecrated labrys {holy, Valiant ^Fragile Fly SInv}
rCold   + + +        v - +3 tower shield
rNeg    + + +        R - +9 scales of the Dragon King {rPois rF+ rC+ Will+}
rPois   ∞            W - +0 mask of the Dragon {Will+ Slay+3 SInv}
rElec   +            h - +2 cloak of Articulation {^Drain rC++ Will+++ Dex+2}
rCorr   .            Y - +0 pair of fencer's gloves {Riposte Dex+3}
SInv    +            K - +2 pair of boots of the Many Beds {rElec Int+2}
Will    +++++        X - amulet "Xoukas" {Reflect rF+ Dex+3 SH+5} Stlth
                     Z - ring "Boatan" {Wiz Str+4}
HPRegen 0.49/turn    a - ring of the King {Wiz rPois rF+ Int+3}
MPRegen 0.28/turn

%: reflection, wizardry (x2)
@: flying, glowing
A: sickness immunity, AC +20, big wings, negative energy resistance 1,
electricity resistance, torment resistance 1, petrification resistance,
camouflage 1, frail 1, shaggy fur 1, weak 1, subdued magic 1, sturdy frame 1
0: Orb of Zot
}: 15/15 runes: decaying, slimy, silver, golden, iron, obsidian, icy, bone,
abyssal, demonic, glowing, magical, fiery, dark, gossamer
a: Renounce Religion, Divine Shield, Cleansing Flame, Summon Divine Warrior


You escaped.
You worshipped the Shining One.
The Shining One was exalted by your worship.
You visited 17 branches of the dungeon, and saw 87 of its levels.
You visited Pandemonium 1 time, and saw 22 of its levels.
You visited the Abyss 2 times.
You visited 1 bazaar.
You visited 1 ziggurat, and saw 11 of its levels.
You also visited: Gauntlet.

You collected 18747 gold pieces.
You spent 3905 gold pieces at shops.

Inventory:

Hand Weapons
 w - the +7 consecrated labrys (weapon) {holy, Valiant ^Fragile Fly SInv}
   (You found it on level 3 of the Crypt)

   Valiant:   It becomes more powerful as more dangerous foes come into view.
   SInv:      It lets you see invisible.
   Fly:       It grants you flight.
   ^Fragile:  It will be destroyed if unequipped.
Missiles
 b - 49 boomerangs (quivered)
 t - 21 javelins
 x - 5 curare-tipped darts
 I - 3 throwing nets
 M - 14 silver javelins
Armour
 h - the +2 cloak of Articulation (worn) {^Drain rC++ Will+++ Dex+2}
   (You found it on level 5 of the Realm of Zot)

   Dex+2:     It affects your dexterity (+2).
   rC++:      It greatly protects you from cold.
   Will+++:   It greatly increases your willpower.
   ^Drain:    It drains your maximum health when unequipped.
 v - a +3 tower shield (worn)
 K - the +2 pair of boots of the Many Beds (worn) {rElec Int+2}
   (You found it in Pandemonium)

   Int+2:     It affects your intelligence (+2).
   rElec:     It insulates you from electricity.
 R - the +9 scales of the Dragon King (worn) {rPois rF+ rC+ Will+}
   (You found it on level 7 of the Iron City of Dis)

   rF+:       It protects you from fire.
   rC+:       It protects you from cold.
   rPois:     It protects you from poison.
   Will+:     It increases your willpower.
 W - the +0 mask of the Dragon (worn) {Will+ Slay+3 SInv}
   (You found it on level 3 of the Elven Halls)

   Slay+3:    It affects your accuracy & damage with ranged weapons and melee
   (+3).
   Will+:     It increases your willpower.
   SInv:      It lets you see invisible.
 Y - the +0 pair of fencer's gloves (worn) {Riposte Dex+3}
   (You found it on level 13 of the Dungeon)

   Riposte:   It allows the wearer to riposte with melee weapons, swiftly
   retaliating against missed or blocked melee attacks.
   Dex+3:     It affects your dexterity (+3).
Jewellery
 a - the ring of the King (right hand) {Wiz rPois rF+ Int+3}
   (You found it on level 3 of the Tomb of the Ancients)

   [ring of wizardry]

   Wiz:       It improves your spell success rate.
   Int+3:     It affects your intelligence (+3).
   rF+:       It protects you from fire.
   rPois:     It protects you from poison.
 l - the ring "Hufiru Avixi" {+Blink rF+ rN+ Will+}
   (You found it on level 3 of the Crypt)

   [ring of willpower]

   rF+:       It protects you from fire.
   rN+:       It protects you from negative energy.
   Will+:     It increases your willpower.
   +Blink:    It lets you blink.
 r - the ring "Geesch Vayh" {rF+ Will+ Str+3 Dex+6}
   (You found it on level 7 of Tartarus)

   [ring of protection from fire]

   Str+3:     It affects your strength (+3).
   Dex+6:     It affects your dexterity (+6).
   rF+:       It protects you from fire.
   Will+:     It increases your willpower.
 A - the ring of Akut {rC- Will+ Str+3 Dex+3 Stlth+}
   (You found it on level 3 of the Tomb of the Ancients)

   [ring of willpower]

   Str+3:     It affects your strength (+3).
   Dex+3:     It affects your dexterity (+3).
   rC-:       It makes you vulnerable to cold.
   Will+:     It increases your willpower.
   Stlth+:    It makes you more stealthy.
 X - the amulet "Xoukas" (around neck) {Reflect rF+ Dex+3 SH+5}
   (You bought it in a shop on level 3 of the Vaults)

   [amulet of reflection]

   Reflect:   It reflects blocked missile attacks.
   Dex+3:     It affects your dexterity (+3).
   rF+:       It protects you from fire.
   SH+5:      It affects your SH (+5).
 Z - the ring "Boatan" (left hand) {Wiz Str+4}
   (You found it on level 7 of a ziggurat)

   [ring of wizardry]

   Wiz:       It improves your spell success rate.
   Str+4:     It affects your strength (+4).
Wands
 y - a wand of polymorph (77)
 H - a wand of light (41)
 L - a wand of digging (34)
 Q - a wand of roots (73)
 T - a wand of paralysis (118)
Scrolls
 d - 10 scrolls of vulnerability
 g - 6 scrolls of blinking
 i - 4 scrolls of summoning
 k - 10 scrolls of fear
 o - 13 scrolls of immolation
 s - 16 scrolls of poison
 D - 6 scrolls of noise
 F - 5 scrolls of fog
 O - 3 scrolls of silence
 V - 39 scrolls of teleportation
Potions
 c - 11 potions of ambrosia
 e - 3 potions of heal wounds
 j - 3 potions of magic
 m - 2 potions of haste
 n - 16 potions of attraction
 q - 28 potions of curing
 u - 6 potions of resistance
 z - 14 potions of lignification
 B - 4 potions of enlightenment
 C - a potion of might
 G - 9 potions of brilliance
 P - 6 potions of mutation
 S - 2 potions of berserk rage
Miscellaneous
 f - a tin of tremorstones (2/2)
 p - a figurine of a ziggurat
 E - a lightning rod (4/4)
 J - a box of beasts
 N - a Gell's gravitambourine (2/2)
 U - a phantom mirror


   Skills:
 O Level 27 Fighting
 - Level 18.0 Axes
 - Level 21.6 Throwing
 O Level 27 Armour
 - Level 25.0 Dodging
 - Level 10.0 Stealth
 - Level 22.0 Shields
 - Level 15.0 Spellcasting
 * Level 19.9 Translocations
 O Level 27 Invocations
 - Level 15.0 Evocations


You had 33 spell levels left.
You knew the following spells:

 Your Spells              Type           Power      Damage    Failure   Level
a - Apportation           Tloc           100%       N/A       0%          1
b - Blink                 Tloc           100%       N/A       0%          2
c - Lesser Beckoning      Tloc           100%       N/A       0%          2
d - Maxwell's Portable P  Tloc           55%        2d(10-30) 0%          3
e - Manifold Assault      Tloc           27%        N/A       1%          7
f - Disjunction           Tloc           27%        N/A       13%         8

Your spell library contained the following spells:

 Spells                   Type           Power      Damage    Failure   Level
 Teleport Other           Tloc           55%        N/A       0%          3
 Dimensional Bullseye     Hex/Tloc       16%        N/A       1%          4
 Passage of Golubria      Tloc           55%        N/A       1%          4
 Dispersal                Tloc           27%        N/A       1%          6
 Gell's Gavotte           Tloc           27%        2d(23-35) 1%          6
 Summon Forest            Summ/Tloc      16%        N/A       3%          5
 Freeze                   Ice            36%        1d5       7%          1
 Kiss of Death            Conj/Necr      36%        2d8       7%          1
 Magic Dart               Conj           36%        1d4       7%          1
 Necrotise                Necr           36%        1d5       7%          1
 Sandblast                Erth           18%        2d7       7%          1
 Shock                    Conj/Air       36%        1d5       7%          1
 Sting                    Conj/Alch      36%        1d5       7%          1
 Summon Small Mammal      Summ           36%        N/A       7%          1
 Call Imp                 Summ           18%        N/A       11%         2
 Ensorcelled Hibernation  Hex/Ice        18%        N/A       11%         2
 Jinxbite                 Hex            18%        N/A       11%         2
 Mercury Vapours          Alch/Air       18%        N/A       11%         2
 Scorch                   Fire           18%        2d5       11%         2
 Searing Ray              Conj           18%        2d5       11%         2
 Static Discharge         Conj/Air       18%        3-4/arc   11%         2
 Call Canine Familiar     Summ           9%         N/A       21%         3
 Dazzling Flash           Conj/Hex       18%        N/A       21%         3
 Frozen Ramparts          Ice            18%        1d3       21%         3
 Fugue of the Fallen      Necr           9%         N/A       21%         3
 Hailstorm                Conj/Ice       9%         3d6       21%         3
 Inner Flame              Hex/Fire       9%         N/A       21%         3
 Mephitic Cloud           Conj/Alch/Air  9%         N/A       21%         3
 Ozocubu's Armour         Ice            9%         N/A       21%         3
 Sigil of Binding         Hex            9%         N/A       21%         3
 Stone Arrow              Conj/Erth      18%        3d8       21%         3
 Summon Ice Beast         Ice/Summ       9%         N/A       21%         3
 Swiftness                Air            9%         N/A       21%         3
 Tukima's Dance           Hex            9%         N/A       21%         3
 Airstrike                Air            4%         2d(1-17)  54%         4
 Anguish                  Hex/Necr       4%         N/A       54%         4
 Animate Armour           Summ/Erth      18%        N/A       54%         4
 Brom's Barrelling Bould  Conj/Erth      9%         2d3       54%         4
 Cause Fear               Hex            4%         N/A       54%         4
 Flame Wave               Conj/Fire      9%         2d6       54%         4
 Fulminant Prism          Conj/Alch      4%         3d5       54%         4
 Ignite Poison            Fire/Alch      9%         N/A       54%         4
 Leda's Liquefaction      Alch/Erth      4%         N/A       54%         4
 Olgreb's Toxic Radiance  Alch           9%         N/A       54%         4
 Petrify                  Alch/Erth      9%         N/A       54%         4
 Sticky Flame             Fire/Alch      9%         2d5       54%         4
 Summon Blazeheart Golem  Fire/Summ      9%         N/A       54%         4
 Summon Lightning Spire   Summ/Air       9%         N/A       54%         4
 Alistair's Intoxication  Alch           6%         N/A       86%         5
 Arcjolt                  Conj/Air       4%         1d14      86%         5
 Borgnjor's Vile Clutch   Necr/Erth      4%         N/A       86%         5
 Curse of Agony           Necr           9%         N/A       86%         5
 Fireball                 Conj/Fire      4%         3d4       86%         5
 Freezing Cloud           Conj/Ice/Air   4%         6-21      86%         5
 Irradiate                Conj/Alch      4%         3d13      86%         5
 Iskenderun's Battlesphe  Conj           9%         2d6       86%         5
 Lee's Rapid Deconstruct  Erth           4%         3d5*      86%         5
 Metabolic Englaciation   Hex/Ice        4%         N/A       86%         5
 Silence                  Hex/Air        4%         N/A       86%         5
 Summon Mana Viper        Hex/Summ       9%         N/A       86%         5
 Yara's Violent Unravell  Hex/Alch       4%         3d4       86%         5
 Bombard                  Conj/Erth      4%         9d2       100%        6
 Conjure Ball Lightning   Conj/Air       4%         3x3d6     100%        6
 Death Channel            Necr           4%         N/A       100%        6
 Eringya's Noxious Bog    Alch           4%         4d6       100%        6
 Permafrost Eruption      Ice/Erth       4%         2x4d2     100%        6
 Plasma Beam              Fire/Air       4%         2x1d14    100%        6
 Sculpt Simulacrum        Ice/Alch       4%         N/A       100%        6
 Starburst                Conj/Fire      4%         6d4       100%        6
 Summon Cactus Giant      Summ           4%         N/A       100%        6
 Enfeeble                 Hex            4%         N/A       100%        7
 Orb of Destruction       Conj           4%         9d5       100%        7
 Ozocubu's Refrigeration  Ice            4%         4d8       100%        7
 Spellforged Servitor     Conj/Summ      4%         N/A       100%        7
 Summon Hydra             Summ           4%         N/A       100%        7
 Discord                  Hex            4%         N/A       100%        8
 Ignition                 Fire           4%         3d4       100%        8
 Lehudib's Crystal Spear  Conj/Erth      4%         10d3      100%        8
 Maxwell's Capacitive Co  Air            4%         ∞         100%        8
 Chain Lightning          Conj/Air       4%         3d6       100%        9
 Dragon's Call            Summ           4%         N/A       100%        9
 Fire Storm               Conj/Fire      4%         8d1       100%        9
 Polar Vortex             Ice            4%         N/A       100%        9
 Cigotuvi's Dreadful Rot  Necr/Alch/Air  Unusable   N/A       N/A         2
 Sublimation of Blood     Necr           Unusable   N/A       N/A         2

Dungeon Overview and Level Annotations

Branches:
Dungeon (15/15)            Temple (0/1) D:7            Lair (5/5) D:11
  Swamp (4/4) Lair:2       Spider (4/4) Lair:3        Slime (5/5) Lair:5
    Orc (2/2) D:9             Elf (3/3) Orc:2        Vaults (5/5) D:13
  Crypt (3/3) Vaults:2       Tomb (3/3) Crypt:3      Depths (4/4) D:15
   Hell (visited)             Dis (7/7) Hell            Geh (7/7) Hell
    Coc (7/7) Hell            Tar (7/7) Hell            Zot (5/5) Depths:4
Gauntlet (visited)

Altars:
Cheibriados
Elyvilon
Fedhas
Hepliaklqana
Kikubaaqudgha
Makhleb
Nemelex Xobeh
Okawaru
Qazlal
Sif Muna
Trog
Uskayaw
Wu Jian
Xom
Yredelemnul
The Shining One
Beogh

Shops:
D:6 *   Orc:2 *:??   Elf:1 *   Vaults:2 *   Vaults:3 =   Depths:3 :==

Portals:
Hell: Lair:5 Depths:1 Depths:2 Depths:3 Depths:4
Abyss: Zot:5 Depths:2 Depths:3 Depths:4
Pandemonium: Depths:1 Depths:2

Annotations:
D:11 1 runed translucent door
Depths:1 1 transporter
Depths:4 6 transporters
Dis:7 exclusion: 4 doors
Zot:2 4 transporters


Innate Abilities, Weirdness & Mutations

You are immune to sickness and miasma.
Your stone body is resilient. (AC +20)
You are immune to poison.
Your large and strong wings let you fly.
You resist negative energy. (rN+)
You are resistant to electric shocks. (rElec)
You are resistant to unholy torment.
You are immune to petrification.
Your skin changes colour to match your surroundings (Stealth+).
You are frail. (-10% HP)
You are covered in fur. (AC +1)
You are weak. (Str -2)
Your spells are a little easier to cast, but a little less powerful.
Your movements are slightly less encumbered by armour. (ER -2)


Message History

The sun demon attacks as it pursues you!
You block the sun demon's attack.
The sun demon attacks as it pursues you!
You block the sun demon's attack.
There is a staircase leading out of the dungeon here.
You slash the sun demon!
The sun demon convulses.
The sun demon is heavily wounded.
You barely miss the sun demon.
The sun demon is heavily wounded.
You block the sun demon's attack.
You completely miss the sun demon.
The sun demon is heavily wounded.
You slash the sun demon!
The sun demon convulses!
You block the sun demon's attack. x2
Press: ? - help, v - describe, . - travel
Here: Lekevi Pekus (haloed)
An open door.
Unknown command.
You slash the sun demon!
The sun demon convulses!
The sun demon is almost dead.
You slash the sun demon!
The sun demon convulses!
You block the sun demon's attack. x2
You barely miss the sun demon.
The sun demon is almost dead.
You slice the sun demon!!
You kill the sun demon!
The Shining One accepts your kill. You block the sun demon's attack.
You riposte.
You slash the sun demon!
You kill the sun demon!
The Shining One accepts your kill.
Lekevi Pekus gestures.
You slash the red devil!
The red devil convulses.
The red devil is moderately wounded.
You slice the red devil!!
You kill the red devil!
The red devil disappears in a puff of smoke!
You block Lekevi Pekus's attack.
You riposte.
You slice Lekevi Pekus!!
Lekevi Pekus convulses!
Lekevi Pekus is lightly wounded.
You have escaped!

#...#######..#### #.# #
#..##.....##.(..## #.# #
#.##.......##....# #.#
#.#.........#....#####.#
########.#.........#..........###
.........#.)....###'###..........
######.#.#.....##..#..##...##..##
#.#.#....##.>.#...##..##..#
#...##)..#.@.##....#.###..#
###..##..#&.##.....#.###.÷#
##..###4###..(...#.##...##
##....#..&......#.##.#...
###....#3........#.##...#.
#......##.......##....###.
#.##....##.....##..#### #.
#.####...#######...## #. #### #.#
#....).........### #.


You could see Lekevi Pekus and an orange demon.

Vanquished Creatures
  Cerebov (Pan)
  Antaeus (Coc:7)
  the Royal Jelly (Slime:5)
  Asmodeus (Geh:7)
  Ignacio (Pan)
  Ereshkigal (Tar:7)
  Gloorx Vloq (Pan)
  Lom Lobon (Pan)
  the Serpent of Hell (Geh:7)
  4 dread liches
  Dispater (Dis:7)
  7 ancient liches
  5 orbs of fire
  Mennas (Crypt:2)
  A juggernaut (Dis:7)
  Mara (Swamp:3)
  The ghost of Chadd the Executioner, a legendary MDFi of Gozag (Zot:5)
  33 royal mummies
  Sojobo (Vaults:2)
  Bai Suzhen (Crypt:2)
  17 shard shrikes
  Vv (Crypt:3)
  18 caustic shrikes
  9 Killer Klowns
  2 curse toes
  17 pandemonium lords
  8 golden dragons
  Geryon (Hell)
  Jory (Crypt:2)
  21 profane servitors
  13 bone dragons
  An electric golem (Zot:5)
  16 Tzitzimimeh
  19 Brimstone Fiends
  9 iron giants
  3 spectral shard shrikes
  6 doom hounds
  Rupert (Lair:3)
  13 tentacled monstrosities
  28 Hell Sentinels
  Zenata (Elf:1)
  6 hellephants
  18 titans
  25 Ice Fiends
  25 tainted leviathans
  Jorgrun (D:14)
  13 searing wretches
  8 liches
  25 Orb Guardians (Zot:5)
  6 quicksilver dragons
  6 walking frostbound tomes
  23 acid blobs
  An eldritch tentacle (Pan)
  13 sphinxes
  2 deep elf master archers (Elf:3)
  35 ancient champions
  34 Executioners (Pan)
  2 death cobs
  4 tentacled starspawn
  7 shadow dragons
  6 tengu reavers
  7 thorn hunters
  12 storm dragons
  14 revenants
  Aizul (Spider:4)
  23 demonspawn warmongers (Pan)
  A nagaraja (Pan)
  6 draconian monks
  28 azure jellies
  5 protean progenitors
  20 rockslimes
  3 fenstrider witches
  A daeva (Zot:5)
  17 frost giants
  8 iron dragons
  4 draconian knights
  15 fire giants
  10 quicksilver elementals
  13 draconian scorchers
  26 narguns
  14 vault wardens
  6 deep elf elementalists
  8 curse skulls
  8 draconian shifters
  4 deep elf sorcerers
  47 balrugs
  5 emperor scorpions
  6 shard shrike simulacra
  2 spectral juggernauts (Tar:2)
  8 ghost moths
  14 demonspawn blood saints
  8 spectral caustic shrikes
  32 reapers
  7 draconian annihilators
  4 draconian stormcallers
  9 ghouls
  11 quicksilver oozes
  3 caustic shrike skeletons
  23 cacodemons
  41 stone giants
  11 very ugly things
  2 orc warlords (Vaults:3)
  24 ironbound preservers
  2 formless jellyfish
  11 broodmothers
  4 juggernaut skeletons
  12 ironbound thunderhulks
  13 demonspawn corrupters (Pan)
  6 eleionomae
  17 demonspawn black suns
  7 black draconians
  17 elemental wellsprings
  8 vampire knights
  8 deep elf demonologists
  27 putrid mouths
  10 white draconians
  2 bunyips
  12 green draconians
  12 deep elf annihilators
  9 deep elf death magi
  36 war gargoyles
  A halazid warlock (Hell)
  12 bennus
  18 lorocyprocas
  16 dire elephants
  21 purple draconians
  10 wendigos
  9 yellow draconians
  11 spark wasps
  27 iron golems
  26 blizzard demons
  14 red draconians
  16 eidola
  20 mummy priests
  6 ettins
  8 crystal guardians
  10 deep elf high priests
  2 spectral iron giants
  22 green deaths (Pan)
  A spectral elf (Tar:2)
  2 spectral golden dragons
  3 spectral quicksilver dragons
  6 fire dragons
  19 jiangshi
  5 entropy weavers
  A shambling mangrove (Swamp:1)
  12 great orbs of eyes
  8 yaktaur captains
  A spectral fenstrider witch (Crypt:3)
  An entropy weaver (shapeshifter) (Vaults:5)
  4 peacekeepers
  33 vault guards
  A fenstrider witch zombie (Crypt:3)
  27 hydras
  4 caustic shrike simulacra
  5 jorogumos
  3 spectral spriggans
  8 salamander tyrants
  Erolcha (D:12)
  5 ice dragons
  2 spriggan zombies
  3 ogre magi
  A radroach (Spider:3)
  A spectral shadow dragon (Tar:1)
  11 centaur warriors
  4 hell beasts
  A ghost crab (Swamp:3)
  8 rakshasas
  A catoblepas (D:15)
  A two-headed ogre (shapeshifter) (Depths:3)
  5 spriggan air magi
  3 juggernaut simulacra
  An anaconda (Pan)
  21 two-headed ogres
  10 ironbound frosthearts
  6 death yaks (Lair:4)
  25 dancing weapons
  3 merfolk aquamancers (Pan)
  10 stokers
  A spriggan skeleton (Tomb:2)
  12 alligators
  4 death knights
  11 boulder beetles
  3 spectral emperor scorpions (Pan)
  8 tengu warriors
  10 deep troll shamans
  12 vampire magi
  31 death scarabs
  9 spriggan berserkers
  4 thrashing horrors
  24 hell hogs
  2 orc high priests
  2 sphinx skeletons
  44 soul eaters
  5 spectral dire elephants
  11 occultists
  7 deep troll earth magi
  A titan zombie (Crypt:3)
  17 demonic crawlers
  A shock serpent (shapeshifter) (Vaults:5)
  12 hell knights
  15 deep elf knights
  7 iron trolls
  2 wretched stars
  7 crystal echidnas
  4 hellephant skeletons (Pan)
  72 sun demons
  19 skeletal warriors
  Nergalle (Lair:2)
  35 sixfirhies
  3 skysharks
  25 shadow wraiths
  A spectral bunyip (Crypt:3)
  5 goliath frogs
  5 pharaoh ants
  4 quicksilver dragon simulacra
  A golden dragon zombie (Depths:1)
  A spectral anaconda (Tar:3)
  A spectral spark wasp (Depths:1)
  2 spriggan druids
  21 shadow demons
  A sea snake (shapeshifter) (Depths:4)
  A cherub (Pan)
  A spatial maelstrom (Abyss:4)
  3 flayed ghosts
  88 deep trolls
  9 deep elf archers
  3 anaconda zombies (Hell)
  8 arcanists
  4 glowing orange brains
  A bunyip skeleton (Crypt:3)
  13 sun moths
  A spectral iron dragon (Tar:2)
  5 harpies
  12 orb spiders
  9 bog bodies
  3 lindwurms (Vaults:2)
  3 spriggan simulacra (Coc:7)
  9 swamp dragons (Swamp:4)
  An orange crystal statue (Depths:1)
  2 iron giant skeletons (Crypt:3)
  4 thermic dynamos (Elf:1)
  29 phantasmal warriors
  A harpy (shapeshifter) (D:14)
  A shadow dragon zombie (Crypt:1)
  A spectral hydra (Tar:5)
  3 obsidian bats
  4 steelbarb worms
  A golden dragon skeleton (Tomb:2)
  An orb spider (shapeshifter) (Vaults:5)
  12 ironbound convokers
  3 fauns (shapeshifter)
  A sphinx simulacrum (Vaults:2)
  4 anaconda skeletons
  31 wolf spiders
  7 orc knights
  37 deep elf pyromancers
  11 necromancers
  A tengu skeleton (Crypt:3)
  An alligator zombie (Hell)
  4 spectral ettins
  3 stone giant zombies
  23 ugly things
  24 cyclopes
  15 deep elf zephyrmancers
  8 orc sorcerers
  9 shining eyes
  A spectral fire dragon (Tar:1)
  3 will-o-the-wisps
  25 moths of wrath
  4 manticores
  8 ice statues
  4 meliai
  4 Executioner simulacra (Pan)
  18 elephants
  A black mamba (shapeshifter) (D:15)
  39 large abominations
  A centaur zombie (Hell)
  3 eyes of devastation
  5 kobold blastminers
  2 spectral centaurs (Tar:2)
  3 naga zombies
  A storm dragon simulacrum (Coc:2)
  5 black mambas
  10 vault sentinels
  11 rust devils
  An apocalypse crab (Zot:5)
  50 smoke demons (Pan)
  A titan simulacrum (Coc:6)
  9 torpor snails
  A catoblepas zombie (Tomb:2)
  6 spectral swamp worms (Tar:7)
  A naga skeleton (Crypt:3)
  16 komodo dragons
  4 molten gargoyles (Geh:7)
  17 orange demons (Pan)
  2 unseen horrors (D:12)
  5 kobold demonologists
  16 cane toads
  9 ice devils
  3 rime drakes (Lair:5)
  2 red draconian zombies
  7 efreet
  A steelbarb worm zombie (Crypt:1)
  28 hellions
  A redback zombie (Crypt:3)
  16 yaktaurs
  2 sea snake zombies (Hell)
  3 spectral nagas
  A spark wasp simulacrum (Depths:1)
  4 tengu conjurers
  24 freezing wraiths
  A death yak skeleton (Crypt:2)
  2 human zombies
  An anaconda simulacrum (Coc:6)
  A bunyip simulacrum (Coc:2)
  19 tormentors
  A golden dragon simulacrum (Coc:2)
  7 spectral harpies
  A spectral two-headed ogre (Tar:1)
  2 trolls (shapeshifter)
  A black draconian skeleton (Crypt:2)
  2 ancient zymes
  36 guardian mummies
  2 silent spectres
  16 red devils
  A sea snake skeleton (Hell)
  A hydra zombie (Hell)
  A queen bee (shapeshifter) (D:13)
  A death drake zombie (Crypt:2)
  23 hellwings
  An alligator simulacrum (Hell)
  17 polar bears
  3 raiju (Abyss:4)
  14 hornets
  16 trolls
  2 harpy skeletons (Tomb:2)
  A blink frog (shapeshifter) (Elf:1)
  Grinder (D:5)
  9 tyrant leeches
  24 tarantellas
  17 blink frogs
  6 glass eyes
  12 dream sheep
  An ettin zombie (Crypt:2)
  104 slime creatures
  2 air elementals
  A centaur simulacrum (Coc:1)
  31 culicivoras
  A dire elephant simulacrum (Coc:5)
  11 shadows
  39 ynoxinuls
  6 naga simulacra
  18 jumping spiders
  14 wraiths
  5 wyverns
  14 spriggans
  16 water elementals
  69 yaks
  2 vampires
  19 ushabtiu
  A basilisk (shapeshifter) (Vaults:5)
  3 black mamba skeletons
  Eustachio (D:5)
  A golden eye (Zig:7)
  5 fire elementals
  An alligator snapping turtle simulacrum (Tomb:3)
  4 fire bats
  17 neqoxecs (Pan)
  A human simulacrum (Vaults:2)
  A minotaur simulacrum (Tomb:2)
  52 redbacks
  A steam dragon (D:10)
  Menkaure (D:4)
  3 basilisks
  A two-headed ogre zombie (Crypt:2)
  3 spatial vortices (Abyss:4)
  9 harpy simulacra
  14 vampire mosquitoes
  23 chaos spawn
  13 swamp worms
  5 acid dragons
  24 water moccasins
  2 human skeletons (Vaults:2)
  8 hell hounds
  2 hydra simulacra
  10 swamp drakes
  3 ice beasts (D:7)
  4 ettin simulacra
  22 orc warriors
  A sky beast (D:9)
  20 black bears
  A black mamba simulacrum (Hell)
  10 laughing skulls
  2 centaurs
  4 small abominations
  33 wolves
  9 boggarts
  34 ogres
  A swamp dragon zombie (Crypt:3)
  5 kobold brigands
  9 weeping skulls (Crypt:3)
  A rime drake skeleton (Crypt:1)
  13 bullfrogs
  5 scorpions
  A gnoll sergeant (D:10)
  A water moccasin skeleton (Crypt:3)
  15 wights
  A troll zombie (Crypt:3)
  Dowan (D:6)
  A troll skeleton (Crypt:3)
  A vampire bat (Orc:1)
  17 electric eels
  A bombardier beetle (D:7)
  A quasit (Pan)
  8 hounds
  A jelly (shapeshifter) (Elf:2)
  10 orc priests
  6 starcursed masses (Abyss:2)
  4 jellies
  3 iguanas
  3 iron imps (Gauntlet)
  A sleepcap (D:5)
  Jessica (D:3)
  4 gnoll boudas
  Natasha (thrice) (D:4)
  15 orc wizards
  22 hell rats
  A crocodile zombie (Crypt:3)
  44 mummies
  26 gnolls
  A howler monkey skeleton (Crypt:1)
  9 adders
  2 shadow imps
  3 white imps
  6 ufetubi
  A lava snake zombie (Crypt:1)
  A lava snake skeleton (Crypt:1)
  3 dart slugs
  3 ribbon worms
  66 orcs
  13 bats
  A bat zombie (Crypt:1)
  8 endoplasms
  4 giant cockroaches
  9 goblins
  6 hobgoblins
  15 jackals
  3 quokkas
  3 ball pythons
  5 frilled lizards
  A frilled lizard zombie (Crypt:1)
  A giant cockroach zombie (Crypt:3)
  28 kobolds
  5 rats
  A river rat skeleton (Crypt:3)
  2 aspiring fleshes (Pan)
  13 ball lightnings
  A butterfly (D:6)
  4 creeping infernos
  18 fire vortices
  A lurking horror (Zot:5)
  2 spectral weapons (Zot:5)
  3 starspawn tentacles (Abyss:4)
4438 creatures vanquished.

Vanquished Creatures (collateral kills)
  Mnoleg (Pan)
  A dread lich (Zot:5)
  3 orbs of fire
  5 royal mummies (Tomb:3)
  A golden dragon (Zot:5)
  A Brimstone Fiend (Pan)
  An electric golem (Zot:5)
  A hellephant (Abyss:4)
  A Tzitzimitl (Pan)
  2 liches
  2 Hell Sentinels
  A tentacled monstrosity (Pan)
  An Orb Guardian (Zot:5)
  2 ancient champions
  A tengu reaver (Vaults:2)
  A revenant (Tomb:3)
  A frost giant (Depths:2)
  A protean progenitor (Pan)
  A draconian monk (Zot:5)
  2 draconian shifters
  3 vault wardens
  A draconian stormcaller (Zot:5)
  2 cacodemons (Pan)
  A demonspawn corrupter (Pan)
  A stone giant (Depths:2)
  A black draconian (Zot:5)
  A minotaur (Gauntlet)
  A red draconian (Zot:5)
  An eidolon (Crypt:2)
  2 mummy priests (Tomb:3)
  A jiangshi (Crypt:2)
  An entropy weaver (Vaults:2)
  2 great orbs of eyes (Pan)
  An alligator (Swamp:4)
  A hell beast (Lair:5)
  4 anacondas (Pan)
  2 two-headed ogres (Orc:2)
  A tengu warrior (Depths:2)
  3 death scarabs (Tomb:3)
  2 spriggan berserkers (Depths:2)
  An occultist (Depths:2)
  A crystal echidna (Dis:7)
  A wretched star (Abyss:4)
  4 sixfirhies
  4 skeletal warriors (Tomb:3)
  An ironbound convoker (Vaults:2)
  A shadow demon (Pan)
  A guardian serpent (Abyss:4)
  A centaur skeleton (Tomb:3)
  An orange demon (Pan)
  2 smoke demons
  2 hydra zombies
  An ice devil (Lair:5)
  A minotaur skeleton (Crypt:2)
  4 guardian mummies (Tomb:3)
  A troll (Depths:2)
  A polar bear (Depths:2)
  2 hornets
  A raiju (Abyss:4)
  A spriggan (Depths:2)
  A small abomination (Abyss:4)
  3 neqoxecs (Pan)
  8 ushabtiu (Tomb:3)
  A chaos spawn (Pan)
  2 spatial vortices (Abyss:4)
  A hell hound (Lair:5)
  A naga skeleton (Tomb:3)
  Duvessa (D:6)
  6 mummies (Tomb:3)
  An ufetubus (Abyss:4)
119 creatures vanquished.

Vanquished Creatures (others)
  A shard shrike (Coc:4)
  2 eldritch tentacles
  A nagaraja (Pan)
  2 fire giants
  A shard shrike simulacrum (Coc:7)
  A demonspawn black sun (Pan)
  2 elemental wellsprings
  A war gargoyle (Dis:2)
  A dire elephant (Abyss:4)
  A blizzard demon (Pan)
  2 caustic shrike simulacra (Coc:7)
  An occultist (Depths:2)
  2 deep elf knights
  A sun demon (Pan)
  A shadow wraith (Crypt:3)
  A sixfirhy (Pan)
  2 spriggan simulacra (Coc:7)
  A quicksilver dragon simulacrum (Coc:7)
  An orange demon (Zig:4)
  A hellion (Geh:5)
  An anaconda simulacrum (Coc:7)
  2 bloated husks
  A raiju (Abyss:4)
  A shadow (Crypt:3)
  A dire elephant simulacrum (Coc:7)
  A chaos spawn (Pan)
  2 harpy simulacra (Coc:7)
  A hell rat (Hell)
  A mummy (Tomb:3)
  12 ball lightnings
  4 creeping infernos
  2 fire vortices
  14 foxfires
  A lurking horror (Abyss:4)
  3 starspawn tentacles (Abyss:4)
73 creatures vanquished.

Grand Total: 4630 creatures vanquished

Notes
Turn   | Place    | Note
-------+----------+-------------------------------------------
     0 | D:1      | GNSpeed the Gargoyle Berserker began the quest for the Orb.
     0 | D:1      | Reached XP level 1. HP: 14/14 MP: 1/1
   122 | D:1      | Reached XP level 2. HP: 19/19 MP: 2/2
   465 | D:1      | Reached XP level 3. HP: 23/23 MP: 3/3
   491 | D:1      | Reached ** piety under Trog
  1086 | D:2      | Reached XP level 4. HP: 28/28 MP: 4/4
  2189 | D:3      | Reached skill level 5 in Axes
  2268 | D:3      | Reached XP level 5. HP: 31/32 MP: 5/5
  2295 | D:3      | Noticed Jessica
  2304 | D:3      | Killed Jessica
  2458 | D:3      | Found an ornate altar of the Wu Jian Council.
  2467 | D:3      | Reached *** piety under Trog
  2851 | D:4      | Reached XP level 6. HP: 36/37 MP: 6/6
  2915 | D:4      | Noticed Natasha
  2947 | D:4      | Killed Natasha
  3017 | D:4      | Noticed Menkaure
  3022 | D:4      | Killed Menkaure
  3023 | D:4      | Reached XP level 7. HP: 41/41 MP: 7/7
  3111 | D:4      | Noticed Natasha
  3119 | D:4      | Killed Natasha
  3147 | D:4      | Found a hazy altar of Hepliaklqana.
  3239 | D:4      | Noticed Natasha
  3246 | D:4      | Killed Natasha
  3484 | D:5      | Entered Level 5 of the Dungeon
  3588 | D:5      | Noticed Eustachio
  3601 | D:5      | Killed Eustachio
  3630 | D:5      | Noticed Grinder
  3649 | D:5      | Killed Grinder
  3650 | D:5      | Reached XP level 8. HP: 46/46 MP: 8/8
  3996 | D:5      | Found the +7 Throatcutter {drain, coup de grace}
  4037 | D:5      | Identified the +3 hand axe "Xim Weryabb" {flame, Int+3}
  4391 | D:6      | Found Huneicseme's CLEARANCE SALE!.
  4403 | D:6      | Reached **** piety under Trog
  4409 | D:6      | Reached skill level 10 in Axes
  4414 | D:6      | Bought 2 potions of brilliance for 16 gold pieces
  4414 | D:6      | Bought a throwing net for 6 gold pieces
  4414 | D:6      | Bought a +4 ring mail of cold resistance for 62 gold pieces
  4522 | D:6      | Noticed Duvessa
  4522 | D:6      | Noticed Dowan
  4530 | D:6      | Killed Duvessa
  4534 | D:6      | Killed Dowan
  4568 | D:6      | Found a shimmering blue altar of Sif Muna.
  4574 | D:6      | Reached XP level 9. HP: 52/52 MP: 9/9
  4591 | D:6      | Reached skill level 5 in Fighting
  5126 | D:7      | Noticed a kobold demonologist
  5130 | D:7      | Noticed a rust devil
  5133 | D:7      | Noticed a sun demon
  5133 | D:7      | Killed a kobold demonologist
  5166 | D:7      | Noticed a two-headed ogre
  5270 | D:7      | Found a staircase to the Ecumenical Temple.
  5381 | D:7      | Reached XP level 10. HP: 54/64 MP: 10/10
  5470 | D:7      | Killed a two-headed ogre
  6140 | D:8      | Reached ***** piety under Trog
  6194 | D:8      | Found an ancient bone altar of Kikubaaqudgha.
  6257 | D:8      | Reached skill level 10 in Fighting
  6281 | D:8      | Found a glowing golden altar of the Shining One.
  6373 | D:8      | Found a snail-covered altar of Cheibriados.
  6396 | D:8      | Found a hide-covered altar of Uskayaw.
  6487 | D:8      | Reached XP level 11. HP: 73/73 MP: 11/11
  6542 | D:8      | Found a blossoming altar of Fedhas.
  6555 | D:8      | Found a stormy altar of Qazlal.
  6768 | D:9      | Found a bloodstained altar of Trog.
  6888 | D:9      | Found a shimmering altar of Xom.
  7016 | D:9      | Found an iron altar of Okawaru.
  7047 | D:9      | Found a white marble altar of Elyvilon.
  7064 | D:9      | Found a staircase to the Orcish Mines.
  7171 | D:10     | Entered Level 10 of the Dungeon
  7276 | D:10     | Reached skill level 1 in Shields
  7384 | D:10     | Found a sparkling altar of Nemelex Xobeh.
  7529 | D:10     | Received a gift from Trog
  7823 | D:10     | Upgraded the game from 0.32-a0-872-g59262bdc9b to
                  | 0.32-a0-876-gcfddb08e57
  7973 | D:11     | Found a gate leading to a gauntlet.
  7996 | Gauntlet | Entered a Gauntlet
  7997 | Gauntlet | Noticed a soul eater
  8003 | Gauntlet | Found a transporter.
  8003 | Gauntlet | Found a transporter.
  8010 | Gauntlet | Noticed an oklob plant
  8012 | Gauntlet | Found a transporter.
  8015 | Gauntlet | Found a transporter.
  8024 | Gauntlet | Noticed a thrashing horror
  8025 | Gauntlet | Found a transporter.
  8079 | Gauntlet | Found a transporter.
  8099 | Gauntlet | Found a transporter.
  8115 | Gauntlet | Found a transporter.
  8118 | Gauntlet | Found a transporter.
  8129 | Gauntlet | Found a transporter.
  8132 | Gauntlet | Found a transporter.
  8138 | Gauntlet | Noticed a thrashing horror
  8146 | Gauntlet | Found a transporter.
  8237 | Gauntlet | Reached XP level 12. HP: 81/81 MP: 12/12
  8354 | Gauntlet | Killed a thrashing horror
  8355 | Gauntlet | Reached skill level 5 in Shields
  8357 | Gauntlet | Killed a thrashing horror
  8414 | Gauntlet | Noticed a minotaur
  8420 | Gauntlet | Killed a minotaur
  8535 | D:11     | You fall into a shaft and drop 2 floors!
  8578 | D:12     | Identified the +8 hand axe "Giantslayer" {protect, *Slow
                  | rF++}
  8684 | D:12     | Noticed a two-headed ogre
  8705 | D:12     | Killed a two-headed ogre
  8706 | D:12     | Reached skill level 1 in Evocations
  9153 | D:11     | Found a staircase to the Lair.
  9199 | D:11     | Found a runed translucent door.
  9199 | D:11     | Noticed a tengu warrior
  9449 | D:11     | Noticed a rakshasa
  9487 | Lair:1   | Entered Level 1 of the Lair of Beasts
 10198 | Lair:2   | Reached XP level 13. HP: 87/88 MP: 13/13
 10510 | Lair:2   | Noticed Nergalle
 10520 | Lair:2   | Killed Nergalle
 10705 | Lair:2   | Found a staircase to the Swamp.
 10705 | Lair:2   | Noticed an eleionoma
 10717 | Lair:2   | Killed an eleionoma
 10718 | Lair:2   | Reached skill level 15 in Axes
 11170 | Lair:3   | Reached skill level 5 in Evocations
 11639 | Lair:3   | Found a hole to the Spider Nest.
 11768 | Lair:3   | Noticed Rupert
 11787 | Lair:3   | Killed Rupert
 12013 | Lair:4   | Gained mutation: Your large and strong wings let you fly.
                  | [Gargoyle growth]
 12013 | Lair:4   | Reached XP level 14. HP: 96/96 MP: 14/14
 12195 | Lair:4   | Reached skill level 10 in Shields
 12209 | Lair:4   | Reached skill level 15 in Fighting
 12852 | Lair:4   | Received a gift from Trog
 13205 | Lair:5   | Entered Level 5 of the Lair of Beasts
 13205 | Lair:5   | Found a basalt altar of Yredelemnul.
 13529 | Lair:5   | Reached XP level 15. HP: 104/104 MP: 5/15
 13821 | Lair:5   | Found a staircase to the Slime Pits.
 14055 | Lair:5   | Found a burning altar of Makhleb.
 14090 | Lair:5   | Received a gift from Trog
 14149 | Lair:5   | Found a gateway to Hell.
 14159 | Lair:5   | Got Keastabi's Essays on the Union and Transposition
 14563 | Orc:1    | Entered Level 1 of the Orcish Mines
 14659 | Orc:1    | Found a roughly hewn altar of Beogh.
 14893 | Orc:2    | Entered Level 2 of the Orcish Mines
 15099 | Orc:2    | Received a gift from Trog
 15401 | Orc:2    | Found a roughly hewn altar of Beogh.
 15448 | Orc:2    | Found Zocyeb's Magic Scroll Boutique.
 15454 | Orc:2    | Found Iluxt's Book Shop.
 15456 | Orc:2    | Found Wawunan's Assorted Antiques.
 15466 | Orc:2    | Found Dehuum's Magic Scroll Shop.
 15566 | Orc:2    | Found a staircase to the Elven Halls.
 15866 | Orc:2    | Bought a fizzy purple potion for 30 gold pieces
 16038 | D:12     | Noticed Erolcha
 16048 | D:12     | Killed Erolcha
 16141 | D:12     | Received a gift from Trog
 16144 | D:12     | Reached skill level 10 in Evocations
 16520 | D:13     | Reached XP level 16. HP: 112/112 MP: 5/16
 16702 | D:13     | Found the +0 pair of fencer's gloves {Riposte Dex+3}
 16823 | D:13     | Identified a scroll of acquirement
 16823 | D:13     | Acquired the +4 hat of Proximity {*Slow Dex+7 Stlth+}
 17029 | D:13     | Found a gate to the Vaults.
 17596 | D:14     | Noticed Jorgrun
 17610 | D:14     | Killed Jorgrun
 17985 | D:15     | Entered Level 15 of the Dungeon
 18366 | D:15     | Received a gift from Trog
 18439 | D:15     | Found a staircase to the Depths.
 18707 | D:15     | Reached skill level 5 in Dodging
 18960 | Spider:1 | Entered Level 1 of the Spider Nest
 20089 | Spider:2 | Reached XP level 17. HP: 84/119 MP: 5/17
 20449 | Spider:2 | Received a gift from Trog
 22358 | Spider:4 | Entered Level 4 of the Spider Nest
 22373 | Spider:4 | Reached skill level 15 in Shields
 22752 | Spider:4 | Reached ****** piety under Trog
 22997 | Spider:4 | Received a gift from Trog
 23206 | Spider:4 | Reached XP level 18. HP: 127/127 MP: 6/18
 23373 | Spider:4 | Identified the serpent talisman of Cynicism {+Blink rC-
                  | rCorr Stlth+}
 23373 | Spider:4 | Noticed Aizul
 23387 | Spider:4 | Killed Aizul
 23542 | Spider:4 | Got a gossamer rune of Zot
 23880 | Swamp:1  | Entered Level 1 of the Swamp
 24004 | Swamp:1  | Reached skill level 10 in Dodging
 24316 | Swamp:1  | Identified the ring "Vuteq" {rC+ Int+4 Dex+9 Slay-6 SInv}
 24571 | Swamp:2  | You are sucked into a shaft and drop 1 floor!
 24571 | Swamp:3  | Noticed Mara
 24586 | Swamp:3  | Killed Mara
 25701 | Swamp:4  | Entered Level 4 of the Swamp
 26017 | Swamp:4  | Reached XP level 19. HP: 134/134 MP: 19/19
 26184 | Swamp:4  | Received a gift from Trog
 26523 | Swamp:4  | Got a decaying rune of Zot
 26771 | Elf:1    | Entered Level 1 of the Elven Halls
 26862 | Elf:1    | Found Loath's General Store.
 26972 | Elf:1    | Found an ancient bone altar of Kikubaaqudgha.
 27345 | Elf:1    | Noticed Zenata
 27431 | Elf:1    | Killed Zenata
 27527 | Elf:1    | Paralysed by an air elemental for 1 turns
 27533 | Elf:1    | Paralysed by an air elemental for 1 turns
 27558 | Elf:1    | You are sucked into a shaft and drop 1 floor!
 27580 | Abyss:2  | Found a corrupted altar of Lugonu.
 27580 | Abyss:2  | Cast into level 2 of the Abyss (+4 quick blade of
                  | distortion)
 27623 | Abyss:2  | Found an iron altar of Okawaru.
 27692 | Abyss:2  | Received a gift from Trog
 27697 | Abyss:2  | Found an iron altar of Okawaru.
 27757 | Abyss:2  | Noticed a dread lich
 27783 | Abyss:2  | Killed a dread lich
 27786 | Elf:2    | Escaped the Abyss
 27990 | Elf:2    | Reached XP level 20. HP: 140/140 MP: 6/20
 28017 | Elf:2    | Found a runed translucent gate.
 28017 | Elf:2    | Found a runed translucent gate.
 28017 | Elf:2    | Found a runed translucent gate.
 28480 | Elf:2    | Received a gift from Trog
 28482 | Elf:2    | Reached skill level 15 in Dodging
 29325 | Vaults:1 | Entered Level 1 of the Vaults
 29919 | Vaults:1 | Identified the +0 scale mail of Untruth {rN+ Dex+3}
 30485 | Vaults:1 | Identified the +0 pair of boots of Theory {Stlth+}
 30793 | Vaults:2 | Received a gift from Trog
 31029 | Vaults:2 | Found a staircase to the Crypt.
 31335 | Vaults:2 | Reached XP level 21. HP: 146/146 MP: 21/21
 31727 | Vaults:2 | Received a gift from Trog
 31949 | Vaults:2 | Found Vahanolu's Orb Outfitters.
 32013 | Vaults:2 | Noticed Sojobo
 32031 | Vaults:2 | Killed Sojobo
 32555 | Vaults:3 | Found Zonary's Jewellery Boutique.
 32563 | Vaults:3 | Bought the amulet "Xoukas" {Reflect rF+ Dex+3 SH+5} for
                  | 1056 gold pieces
 32701 | Vaults:3 | Reached skill level 1 in Stealth
 32890 | Vaults:3 | Received a gift from Trog
 33525 | Vaults:4 | Found a flickering gateway to a bazaar.
 33544 | Bazaar   | Entered a bazaar
 33547 | Bazaar   | Found Ajoisaw's Antique Weapon Shoppe.
 33575 | Bazaar   | Found Jourphann's Armour Shop.
 33602 | Bazaar   | Found Xafeosch's Distillery.
 33610 | Bazaar   | Bought a potion of heal wounds for 60 gold pieces
 33610 | Bazaar   | Bought a potion of haste for 120 gold pieces
 33610 | Bazaar   | Bought a potion of heal wounds for 60 gold pieces
 33610 | Bazaar   | Bought a potion of heal wounds for 60 gold pieces
 33610 | Bazaar   | Bought a potion of ambrosia for 96 gold pieces
 33622 | Bazaar   | Found Bivoo's Jewellery Boutique.
 33632 | Bazaar   | Found Iwadeg's Weapon Shop.
 33674 | Vaults:4 | Reached skill level 5 in Stealth
 33815 | Vaults:4 | Reached XP level 22. HP: 37/152 MP: 7/22
 34375 | Vaults:4 | Paralysed by a sphinx for 2 turns
 34608 | Vaults:4 | Received a gift from Trog
 35039 | Vaults:5 | Entered Level 5 of the Vaults
 35114 | Vaults:5 | Reached skill level 10 in Stealth
 35152 | Vaults:5 | Identified the ring of Suycuoliec {Ice Int+2}
 35242 | Vaults:5 | Identified the ring of Raaskir {+Blink rF- Int+5 Dex+6}
 35349 | Vaults:5 | Identified the +2 long sword "Rafat" {flame, rElec rPois
                  | Int-4}
 35349 | Vaults:5 | Identified the ring of Qaitofat {rC+ rN+ Str-4 Dex+3}
 35665 | Vaults:5 | Identified the +6 spear "Jiomne" {flame, rF+ Will+}
 35666 | Vaults:5 | Identified the +4 morningstar of Valiance {heavy, Fly}
 35765 | Vaults:5 | Identified the +6 rapier "Itiulooph" {vamp, +Blink Will+
                  | Str+4 Dex-5}
 35779 | Vaults:5 | Identified the ring "Sohem Aqulu" {rElec rC+ rN+ Str-3
                  | SInv}
 35783 | Vaults:5 | Received a gift from Trog
 36151 | Vaults:5 | Reached XP level 23. HP: 156/156 MP: 7/23
 36482 | Vaults:5 | Noticed an ancient lich
 36490 | Vaults:5 | Killed an ancient lich
 36573 | Vaults:5 | Got a silver rune of Zot
 36815 | Vaults:5 | Received a gift from Trog
 37528 | D:8      | Fell from the grace of Trog
 37528 | D:8      | Became a worshipper of the Shining One
 38083 | Elf:1    | Got the Information on Cooperative Blasting
 39050 | Vaults:5 | Got the Almanac of Grit
 39378 | Lair:4   | Got Louwkeim's Secrets of the Neverending Olives
 39651 | Swamp:3  | Learned a level 1 spell: Apportation
 39654 | Swamp:3  | Learned a level 2 spell: Blink
 39681 | Swamp:1  | Reached skill level 1 in Invocations
 39940 | Crypt:1  | Entered Level 1 of the Crypt
 40135 | Crypt:1  | Reached * piety under the Shining One
 40369 | Crypt:1  | Reached ** piety under the Shining One
 40670 | Crypt:2  | Noticed Mennas
 40674 | Crypt:2  | Noticed Bai Suzhen
 40682 | Crypt:2  | Reached skill level 5 in Invocations
 40683 | Crypt:2  | Reached *** piety under the Shining One
 40690 | Crypt:2  | Killed Mennas
 40704 | Crypt:2  | Killed Bai Suzhen
 40741 | Crypt:2  | Reached **** piety under the Shining One
 40886 | Crypt:2  | Noticed Jory
 40894 | Crypt:2  | Killed Jory
 41196 | Crypt:2  | Reached ***** piety under the Shining One
 41525 | Crypt:3  | Entered Level 3 of the Crypt
 41539 | Crypt:3  | Reached skill level 1 in Spellcasting
 41544 | Crypt:3  | Reached skill level 1 in Translocations
 41889 | Crypt:3  | Found a staircase to the Tomb.
 42076 | Crypt:3  | Reached ****** piety under the Shining One
 42138 | Crypt:3  | Noticed Vv
 42157 | Crypt:3  | Killed Vv
 42158 | Crypt:3  | Reached XP level 24. HP: 139/163 MP: 29/29
 42485 | Crypt:3  | Identified a +9 broad axe of holy wrath (a +7 antimagic
                  | broad axe blessed by the Shining One)
 42485 | Crypt:3  | Received a gift from the Shining One
 42532 | Crypt:3  | Found a basalt altar of Yredelemnul.
 42543 | Crypt:3  | Found the +4 consecrated labrys {holy, Valiant ^Fragile Fly
                  | SInv}
 42599 | Crypt:3  | Reached skill level 10 in Invocations
 42658 | Crypt:3  | Found the +9 sword of Zonguldrok {reap}
 42676 | Crypt:3  | Identified the ring "Xuhorun" {Fly rN++ Int+4}
 42676 | Crypt:3  | Identified the ring of the Ban {rN++ AC+4 Int+4}
 42676 | Crypt:3  | Identified the ring of the Well-Known Beasts {rN+ Str+3}
 42691 | Crypt:3  | Identified the ring "Hufiru Avixi" {+Blink rF+ rN+ Will+}
 42697 | Crypt:3  | Identified the +6 morningstar of the Brain {flame, rElec
                  | rPois rN+ Dex+3}
 43637 | Depths:1 | Entered Level 1 of the Depths
 43848 | Depths:1 | Found a one-way gate leading to the halls of Pandemonium.
 43858 | Depths:1 | Reached skill level 15 in Evocations
 44006 | Depths:1 | Reached skill level 5 in Spellcasting
 44006 | Depths:1 | Reached skill level 5 in Translocations
 44420 | Depths:1 | Found a transporter.
 45358 | Depths:2 | Gained mutation: Your health recovers twice as slowly from
                  | being drained. [a neqoxec]
 45676 | Depths:2 | Reached XP level 25. HP: 157/168 MP: 34/34
 45705 | Depths:2 | Identified the +0 tower shield of Budyeru {-Cast Rampage
                  | Will++ Stlth+}
 45729 | Depths:2 | Reached skill level 15 in Invocations
 46445 | Depths:2 | Identified the +4 hand axe of Destiny {pain, Fly Str+2}
 46603 | Depths:2 | Found a one-way gate to the infinite horrors of the Abyss.
 47141 | Depths:3 | Was forgiven by Trog
 47687 | Depths:3 | Found Wash's Book Boutique.
 47687 | Depths:3 | Found Fyluecirra's Jewellery Shoppe.
 47688 | Depths:3 | Found Vilaer's Jewellery Shoppe.
 47698 | Depths:3 | Bought the ring "Guasaaz" {rC+ Will+ Slay+2} for 1012 gold
                  | pieces
 48224 | Depths:4 | Entered Level 4 of the Depths
 48321 | Depths:4 | Found a gate to the Realm of Zot.
 48508 | Depths:4 | Found a transporter.
 48554 | Depths:4 | Found a transporter.
 48643 | Depths:4 | Found a transporter.
 48651 | Depths:4 | Identified the +1 robe of the Depths {Dex+4}
 48662 | Depths:4 | Found a transporter.
 48665 | Depths:4 | Found a transporter.
 48676 | Depths:4 | Found a transporter.
 48780 | Depths:4 | Found a one-way gateway to a ziggurat.
 49399 | Zot:1    | Entered Level 1 of the Realm of Zot
 49610 | Zot:1    | Reached XP level 26. HP: 83/174 MP: 36/36
 50064 | Zot:1    | Noticed a Killer Klown
 50074 | Zot:1    | Noticed a Killer Klown
 50082 | Zot:1    | Killed a Killer Klown
 50100 | Zot:1    | Killed a Killer Klown
 50408 | Zot:1    | Noticed a Killer Klown
 50446 | Zot:1    | Killed a Killer Klown
 51051 | Zot:2    | Found a transporter.
 51052 | Zot:2    | Found a transporter.
 51054 | Zot:2    | Found a transporter.
 51128 | Zot:2    | Found a transporter.
 51455 | Zot:2    | Noticed a Killer Klown
 51463 | Zot:2    | Killed a Killer Klown
 52340 | Zot:3    | Acquired a manual of Dodging
 52953 | Zot:4    | Noticed an orb of fire
 52960 | Zot:4    | Gained mutation: You are frail. (-10% HP) [an orb of fire]
 52964 | Zot:4    | Gained mutation: Your magical capacity is low. (-10% MP)
                  | [an orb of fire]
 52970 | Zot:4    | Killed an orb of fire
 53519 | Zot:5    | Entered Level 5 of the Realm of Zot
 53758 | Zot:5    | Found a transporter.
 53779 | Zot:5    | Found a transporter.
 53866 | Zot:5    | Noticed a Killer Klown
 53891 | Zot:5    | Noticed Chadd's ghost (legendary MDFi)
 54073 | Zot:5    | Killed Chadd's ghost
 54089 | Zot:5    | Reached skill level 10 in Translocations
 54099 | Zot:5    | Reached skill level 10 in Spellcasting
 54106 | Zot:5    | Killed a Killer Klown
 54130 | Zot:5    | Identified the +2 cloak of Articulation {^Drain rC++
                  | Will+++ Dex+2}
 54347 | Zot:5    | Reached XP level 27. HP: 161/161 MP: 33/33
 54372 | Zot:5    | Noticed an ancient lich
 54394 | Zot:5    | Killed an ancient lich
 54394 | Zot:5    | Noticed an orb of fire
 54398 | Zot:5    | Noticed an orb of fire
 54399 | Zot:5    | Noticed an orb of fire
 54404 | Zot:5    | Noticed an orb of fire
 54404 | Zot:5    | Noticed an orb of fire
 54407 | Zot:5    | Gained mutation: You are weak. (Str -2) [an orb of fire]
 54410 | Zot:5    | Noticed an orb of fire
 54418 | Zot:5    | Killed an orb of fire
 54419 | Zot:5    | Reached skill level 1 in Throwing
 54420 | Zot:5    | Noticed an orb of fire
 54428 | Zot:5    | The Shining One protects you from harm!
 54428 | Zot:5    | The Shining One protects you from harm!
 54430 | Zot:5    | Gained mutation: You occasionally shout uncontrollably at
                  | your foes. [an orb of fire]
 54987 | Zot:5    | Gained mutation: Your body sometimes deteriorates upon
                  | taking damage. [an orb of fire]
 54993 | Zot:5    | Gained mutation: You are vulnerable to cold. (rC-) [an orb
                  | of fire]
 54999 | Zot:5    | Gained mutation: You sometimes lose your temper in combat.
                  | [an orb of fire]
 55006 | Zot:4    | Gained mutation: Your natural rate of healing is unusually
                  | fast. [an orb of fire]
 55012 | Zot:4    | Killed an orb of fire
 55012 | Zot:4    | Killed an orb of fire
 55071 | Zot:5    | Killed an orb of fire
 55074 | Zot:5    | Killed an orb of fire
 55075 | Zot:5    | Killed an orb of fire
 55076 | Zot:5    | Reached skill level 5 in Throwing
 55090 | Zot:5    | Noticed a dread lich
 55101 | Zot:5    | Killed a dread lich
 55227 | Zot:5    | Lost mutation: Your magical capacity is low. (-10% MP)
                  | [potion of mutation]
 55227 | Zot:5    | Lost mutation: You are frail. (-10% HP) [potion of
                  | mutation]
 55227 | Zot:5    | Gained mutation: Your magical capacity is low. (-10% MP)
                  | [potion of mutation]
 55227 | Zot:5    | Gained mutation: Your body often deteriorates upon taking
                  | damage. [potion of mutation]
 55228 | Zot:5    | Lost mutation: You sometimes lose your temper in combat.
                  | [potion of mutation]
 55228 | Zot:5    | Lost mutation: Your magical capacity is low. (-10% MP)
                  | [potion of mutation]
 55228 | Zot:5    | Lost mutation: Your natural rate of healing is unusually
                  | fast. [potion of mutation]
 55228 | Zot:5    | Gained mutation: You are frail. (-10% HP) [potion of
                  | mutation]
 55228 | Zot:5    | Lost mutation: You are frail. (-10% HP) [potion of
                  | mutation]
 55229 | Zot:5    | Lost mutation: Your body often deteriorates upon taking
                  | damage. [potion of mutation]
 55229 | Zot:5    | Lost mutation: Your health recovers twice as slowly from
                  | being drained. [potion of mutation]
 55229 | Zot:5    | Gained mutation: You sometimes lose your temper in combat.
                  | [potion of mutation]
 55229 | Zot:5    | Gained mutation: You have large cloven feet. [potion of
                  | mutation]
 55576 | Zot:5    | Gained mutation: You are very weak. (Str -4) [an orb of
                  | fire]
 55585 | Zot:5    | Killed an orb of fire
 55636 | Zot:5    | Reached skill level 10 in Throwing
 56178 | Zot:5    | Lost mutation: You sometimes lose your temper in combat.
                  | [potion of mutation]
 56178 | Zot:5    | Lost mutation: You are vulnerable to cold. (rC-) [potion of
                  | mutation]
 56178 | Zot:5    | Lost mutation: You occasionally shout uncontrollably at
                  | your foes. [potion of mutation]
 56178 | Zot:5    | Gained mutation: Your natural rate of healing is unusually
                  | fast. [potion of mutation]
 56178 | Zot:5    | Gained mutation: You are vulnerable to cold. (rC-) [potion
                  | of mutation]
 56178 | Zot:5    | Gained mutation: You have sharp fingernails. [potion of
                  | mutation]
 56371 | Hell     | Entered the Vestibule of Hell
 56371 | Hell     | Noticed Geryon
 56385 | Hell     | Lost mutation: You are very weak. (Str -4) [a cacodemon]
 56396 | Hell     | Killed Geryon
 56475 | Hell     | Found a gateway to the ashen valley of Gehenna.
 56539 | Hell     | Found a gateway to the Iron City of Dis.
 56612 | Hell     | Found a gateway to the freezing wastes of Cocytus.
 56766 | Hell     | Found a gateway to the decaying netherworld of Tartarus.
 58565 | Orc:2    | Bought a scroll of summoning for 323 gold pieces
 58565 | Orc:2    | Bought a scroll of fog for 136 gold pieces
 58565 | Orc:2    | Bought a potion of mutation for 272 gold pieces
 58570 | Orc:2    | Bought a scroll of immolation for 56 gold pieces
 58570 | Orc:2    | Bought a scroll of enchant armour for 105 gold pieces
 58570 | Orc:2    | Bought 3 scrolls of immolation for 168 gold pieces
 58570 | Orc:2    | Bought a scroll of immolation for 56 gold pieces
 58581 | Orc:2    | Bought a scroll of silence for 95 gold pieces
 58581 | Orc:2    | Bought a scroll of fear for 40 gold pieces
 58667 | Elf:1    | Bought a scroll of teleportation for 57 gold pieces
 58667 | Elf:1    | Bought a scroll of noise for 19 gold pieces
 59629 | Depths:3 | Learned a level 2 spell: Lesser Beckoning
 59675 | Pan      | Entered Pandemonium
 59754 | Pan      | Noticed Terhanuf the pandemonium lord
 59757 | Pan      | Killed Terhanuf the pandemonium lord
 59809 | Pan      | Gained mutation: You are partially covered in iridescent
                  | scales. (AC +2) [a cacodemon]
 60241 | Pan      | Found an exit through the horrors of the Abyss.
 60516 | Pan      | Noticed Zytaen the pandemonium lord
 60523 | Pan      | Killed Zytaen the pandemonium lord
 60902 | Pan      | Noticed Ignacio
 60910 | Pan      | Killed Ignacio
 61093 | Pan      | Noticed Giroacig the pandemonium lord
 61103 | Pan      | Killed Giroacig the pandemonium lord
 61332 | Pan      | Gained mutation: Your body often deteriorates upon taking
                  | damage. [a neqoxec]
 61410 | Pan      | Identified the +9 plate armour of the Giraffatuar {rC+}
 61843 | Pan      | Noticed Wueto the pandemonium lord
 61849 | Pan      | Killed Wueto the pandemonium lord
 62742 | Pan      | Noticed Qyonateol the pandemonium lord
 62751 | Pan      | Killed Qyonateol the pandemonium lord
 62768 | Pan      | Reached skill level 15 in Throwing
 63813 | Pan      | Noticed Wicla the pandemonium lord
 63820 | Pan      | Killed Wicla the pandemonium lord
 64186 | Pan      | Got a demonic rune of Zot
 64190 | Pan      | Entered the realm of Gloorx Vloq.
 64357 | Pan      | Noticed Gloorx Vloq
 64367 | Pan      | Killed Gloorx Vloq
 64430 | Pan      | Got a dark rune of Zot
 64520 | Pan      | Identified the +9 spear of Prescription {pain, rN++}
 64993 | Pan      | Noticed Nydyloar the pandemonium lord
 65007 | Pan      | Killed Nydyloar the pandemonium lord
 65089 | Pan      | Found an exit through the horrors of the Abyss.
 65777 | Pan      | Noticed Tovuhume the pandemonium lord
 65790 | Pan      | Killed Tovuhume the pandemonium lord
 65849 | Pan      | Entered the realm of Lom Lobon.
 65858 | Pan      | Acquired the ring of Demons {rPois rF+ EV+5}
 66176 | Pan      | Noticed Lom Lobon
 66205 | Pan      | Killed Lom Lobon
 66293 | Pan      | Got a magical rune of Zot
 67059 | Pan      | Identified the +0 chain mail of the Butterfly {Str+3}
 67085 | Pan      | Identified the +0 chain mail "Paifapra" {Dex+4}
 68460 | Pan      | Found an exit through the horrors of the Abyss.
 68698 | Pan      | Noticed Ozow the pandemonium lord
 68705 | Pan      | Killed Ozow the pandemonium lord
 68796 | Pan      | Entered the realm of Cerebov.
 68805 | Pan      | Found an exit through the horrors of the Abyss.
 69052 | Pan      | Identified the ring of Notexier {Ice Dex+3}
 69377 | Pan      | Identified the +2 pair of boots of the Many Beds {rElec
                  | Int+2}
 69394 | Pan      | Identified the +7 trident of Gozag, Feeding {drain, +Blink
                  | Str+2 Int+4}
 69397 | Pan      | Identified the +6 glaive of the Omega Point {freeze, rF+
                  | Dex+3 SInv}
 69739 | Pan      | Identified the +3 chain mail of Noidijy {rElec rF+ Will-}
 69746 | Pan      | Got the Grimoire of Vapour and the Torch
 69887 | Pan      | Found the +6 sword of Cerebov {flame}
 69887 | Pan      | Noticed Cerebov
 69915 | Pan      | Killed Cerebov
 69942 | Pan      | Got the Tome of Fiery Fermentation
 69944 | Pan      | Got Piychur's Atlas of Glamour and the Map
 69993 | Pan      | Got a fiery rune of Zot
 70190 | Pan      | Found an exit through the horrors of the Abyss.
 70551 | Pan      | Noticed Cexkuk the pandemonium lord
 70563 | Pan      | Killed Cexkuk the pandemonium lord
 70607 | Pan      | Identified the +5 scale mail of Ignis's Fury {Slay+3}
 70675 | Pan      | Noticed Beqiczim the pandemonium lord
 70682 | Pan      | Killed Beqiczim the pandemonium lord
 70979 | Pan      | Noticed Tybbulas the pandemonium lord
 70993 | Pan      | Killed Tybbulas the pandemonium lord
 71080 | Pan      | Noticed Xehusub the pandemonium lord
 71092 | Pan      | Killed Xehusub the pandemonium lord
 71131 | Pan      | Identified the +7 morningstar of Leesh {flame, rElec rN+
                  | Will+}
 71330 | Pan      | Noticed Wox Dyett the pandemonium lord
 71337 | Pan      | Killed Wox Dyett the pandemonium lord
 71391 | Pan      | Found a runed translucent door.
 71476 | Pan      | Noticed Lalal the pandemonium lord
 71559 | Pan      | Killed Lalal the pandemonium lord
 71622 | Pan      | Entered the realm of Mnoleg.
 71807 | Pan      | Gained mutation: You have hidden genetic defects. [a
                  | neqoxec]
 71836 | Pan      | Gained mutation: Your magical capacity is low. (-10% MP) [a
                  | cacodemon]
 71851 | Pan      | Noticed Mnoleg
 71877 | Pan      | Lost mutation: You have hidden genetic defects. [mutagenic
                  | glow]
 71899 | Pan      | Gained mutation: You are clumsy. (Dex -2) [mutagenic glow]
 72002 | Pan      | Gained mutation: Your magical capacity is very low. (-20%
                  | MP) [a neqoxec]
 72032 | Pan      | Gained mutation: You are frail. (-10% HP) [a cacodemon]
 72077 | Pan      | Killed Mnoleg
 72077 | Pan      | Gained mutation: You are very frail. (-20% HP) [a neqoxec]
 72128 | Pan      | Got a glowing rune of Zot
 72514 | Pan      | Found an exit through the horrors of the Abyss.
 72697 | Pan      | Took an exit into the Abyss.
 72697 | Abyss:2  | Escaped into the Abyss
 72697 | Abyss:2  | Found a corrupted altar of Lugonu.
 73000 | Abyss:4  | Found a corrupted altar of Lugonu.
 73015 | Abyss:4  | Got an abyssal rune of Zot
 73031 | Depths:2 | Escaped the Abyss
 73356 | Slime:1  | Entered Level 1 of the Pits of Slime
 73539 | Slime:5  | Entered Level 5 of the Pits of Slime
 73677 | Slime:5  | Gained mutation: You are extremely frail. (-30% HP) [a
                  | shining eye]
 73679 | Slime:5  | Lost mutation: You are extremely frail. (-30% HP) [a
                  | shining eye]
 73681 | Slime:5  | Gained mutation: You occasionally lose the ability to read
                  | scrolls when taking damage. [a shining eye]
 73691 | Slime:5  | Noticed the Royal Jelly
 73748 | Slime:5  | Killed the Royal Jelly
 73945 | Slime:5  | Identified the amulet of Hyolahu {Spirit *Slow rN+ Int+4}
 73950 | Slime:5  | Identified the +2 spear of Desperation {antimagic, rF+}
 73990 | Slime:5  | Identified the +0 leather armour of Duck's Teeth {rN+}
 74056 | Slime:5  | Got a slimy rune of Zot
 74104 | Slime:5  | Gained mutation: You occasionally lose the ability to drink
                  | potions when taking damage. [a shining eye]
 74106 | Slime:5  | Gained mutation: Your magical capacity is extremely low.
                  | (-30% MP) [a shining eye]
 74117 | Slime:5  | Gained mutation: You are very weak. (Str -4) [a shining
                  | eye]
 74120 | Slime:5  | Gained mutation: You occasionally shout uncontrollably at
                  | your foes. [a shining eye]
 74242 | Slime:5  | Identified the +8 hand axe of Xapraxumn {freeze, rN+ Str+4
                  | Int+3}
 74252 | Slime:5  | Identified the +6 hand axe of the Final Decision {venom,
                  | rElec rC++ Will- Str-3}
 74971 | Elf:3    | Entered Level 3 of the Elven Halls
 75386 | Elf:3    | Identified the +0 long sword of Putrescence {speed, rC+}
 75446 | Elf:3    | Identified the +5 war axe "Ceudy" {elec, rElec rF+}
 75872 | Elf:3    | Identified the +2 plate armour of Tyaryga {Dex+2}
 75914 | Elf:3    | Found the +0 mask of the Dragon {Will+ Slay+3 SInv}
 75950 | Elf:3    | Identified the +3 plate armour of Polish {Harm rF+ Slay-5}
 75959 | Elf:3    | Identified the staff "Nosmug" {rC+ Int+4 Ice}
 75960 | Elf:3    | Identified the staff of Dullness {rElec rF+ Dex+2 Stlth+
                  | Fire}
 75963 | Elf:3    | Identified the staff of Vamniuwy {rPois rF+ Str-5 Necro
                  | Fire}
 75976 | Elf:3    | Identified the staff "Bimno Imnoxt" {rF+ rN+ Fire}
 76003 | Elf:3    | Acquired 988 gold pieces
 76405 | Geh:1    | Entered Level 1 of Gehenna
 76429 | Hell     | Lost mutation: Your magical capacity is extremely low.
                  | (-30% MP) [potion of mutation]
 76429 | Hell     | Lost mutation: You are very frail. (-20% HP) [potion of
                  | mutation]
 76429 | Hell     | Lost mutation: You occasionally lose the ability to read
                  | scrolls when taking damage. [potion of mutation]
 76429 | Hell     | Gained mutation: Your movements are slightly less
                  | encumbered by armour. (ER -2) [potion of mutation]
 76430 | Hell     | Lost mutation: You occasionally lose the ability to drink
                  | potions when taking damage. [potion of mutation]
 76430 | Hell     | Lost mutation: You are very weak. (Str -4) [potion of
                  | mutation]
 76430 | Hell     | Lost mutation: Your magical capacity is very low. (-20% MP)
                  | [potion of mutation]
 76430 | Hell     | Lost mutation: You are partially covered in iridescent
                  | scales. (AC +2) [potion of mutation]
 76430 | Hell     | Lost mutation: You are frail. (-10% HP) [potion of
                  | mutation]
 76430 | Hell     | Gained mutation: Your spells are a little harder to cast,
                  | but a little more powerful. [potion of mutation]
 76431 | Hell     | Lost mutation: You occasionally shout uncontrollably at
                  | your foes. [potion of mutation]
 76431 | Hell     | Lost mutation: Your body often deteriorates upon taking
                  | damage. [potion of mutation]
 76431 | Hell     | Lost mutation: Your body sometimes deteriorates upon taking
                  | damage. [potion of mutation]
 76431 | Hell     | Lost mutation: You are weak. (Str -2) [potion of mutation]
 76431 | Hell     | Gained mutation: Your spells are harder to cast, but more
                  | powerful. [potion of mutation]
 76431 | Hell     | Gained mutation: You are weak. (Str -2) [potion of
                  | mutation]
 77378 | Geh:7    | Entered Level 7 of Gehenna
 77723 | Geh:7    | Identified the +0 ring mail of the Desert {rN+}
 77754 | Geh:7    | Noticed the Serpent of Hell
 77777 | Geh:7    | Killed the Serpent of Hell
 77866 | Geh:7    | Identified the +6 sling "Giudasch" {elec, MP+9 Int+5}
 78119 | Geh:7    | Found the +3 pair of gauntlets of War {Slay+5}
 78173 | Geh:7    | Got Sif Muna's Annotations on Anathema and the Autopsy
 78194 | Geh:7    | Found the +6 arbalest "Damnation" {damnation}
 78328 | Geh:7    | Found the +13 sceptre of Asmodeus
 78328 | Geh:7    | Noticed Asmodeus
 78345 | Geh:7    | Killed Asmodeus
 78361 | Geh:7    | Identified the +2 robe "Bifiapseev" {Dex+4}
 78394 | Geh:7    | Got an obsidian rune of Zot
 78492 | Hell     | Upgraded the game from 0.32-a0-876-gcfddb08e57 to
                  | 0.32-a0-886-g41c5271027
 79302 | Dis:1    | Entered Level 1 of the Iron City of Dis
 80284 | Dis:6    | Noticed an ancient lich
 80288 | Dis:6    | Killed an ancient lich
 80407 | Dis:7    | Entered Level 7 of the Iron City of Dis
 80407 | Dis:7    | Noticed a juggernaut
 80407 | Dis:7    | Noticed a juggernaut
 80728 | Dis:7    | Reached skill level 27 in Invocations
 81477 | Dis:7    | Reached skill level 27 in Fighting
 81521 | Dis:7    | Reached skill level 5 in Armour
 81679 | Dis:7    | Identified the +10 rapier of the Eternal Void {drain,
                  | ^Contam rPois MP+9 Str+8}
 81870 | Dis:7    | Found the +9 scales of the Dragon King {rPois rF+ rC+
                  | Will+}
 81879 | Dis:7    | Reached skill level 10 in Armour
 81933 | Dis:7    | Identified the +3 halberd of True Grit {elec, Fly Str+4
                  | Stlth-}
 82124 | Dis:7    | Noticed Dispater
 82145 | Dis:7    | Killed Dispater
 82154 | Dis:7    | Got an iron rune of Zot
 82307 | Dis:7    | Killed a juggernaut
 82576 | Tar:1    | Entered Level 1 of Tartarus
 83038 | Tar:3    | Reached skill level 15 in Armour
 83099 | Tar:4    | Noticed an ancient lich
 83110 | Tar:4    | Killed an ancient lich
 83172 | Tar:4    | You are sucked into a shaft and drop 1 floor!
 83429 | Tar:7    | Entered Level 7 of Tartarus
 84714 | Tar:7    | Found the +7 hand cannon "Mule" {flame, backblast, rF+}
 84771 | Tar:7    | Identified the +4 short sword "Woam" {heavy, Int+3}
 84773 | Tar:7    | Identified the staff "Hellblazer" {rElec rF- Dex+4 Air}
 85012 | Tar:7    | Identified the ring of Doubts {*Corrode rN++ Str+6 Dex+2}
 85013 | Tar:7    | Identified the +5 long sword "Ceucir" {pain, rF++ rN+}
 85278 | Tar:7    | Noticed Ereshkigal
 85291 | Tar:7    | Killed Ereshkigal
 85313 | Tar:7    | Identified the +11 lajatang "Urpheihad" {flame, rC+ Will-
                  | SInv Stlth+}
 85319 | Tar:7    | Got a bone rune of Zot
 85324 | Tar:7    | Identified the ring "Geesch Vayh" {rF+ Will+ Str+3 Dex+6}
 86051 | Coc:1    | Entered Level 1 of Cocytus
 86604 | Coc:7    | Entered Level 7 of Cocytus
 86731 | Coc:7    | Paralysed by a wendigo for 1 turns
 86810 | Coc:7    | Identified the +7 falchion of Moderation {flame, rF+ rC++
                  | Int-4 Stlth-}
 87083 | Coc:7    | Identified the +5 scale mail "Fusk" {Rampage rF+ Dex+3}
 87474 | Coc:7    | Reached skill level 27 in Armour
 87489 | Coc:7    | Learned a level 3 spell: Maxwell's Portable Piledriver
 87497 | Coc:7    | Learned a level 7 spell: Manifold Assault
 87506 | Coc:7    | Learned a level 8 spell: Disjunction
 87870 | Coc:7    | Noticed Antaeus
 87903 | Coc:7    | Killed Antaeus
 88051 | Coc:7    | Identified the +5 sling of Mafoloep {elec, *Corrode rC++
                  | Str+3}
 88055 | Coc:7    | Got an icy rune of Zot
 88663 | Zig:1    | Entered Level 1 of a ziggurat
 88683 | Zig:2    | Entered Level 2 of a ziggurat
 88695 | Zig:2    | Identified the amulet of Fihox {Spirit Str+3}
 88713 | Zig:3    | Entered Level 3 of a ziggurat
 88794 | Zig:4    | Entered Level 4 of a ziggurat
 88796 | Zig:4    | Noticed Siry the pandemonium lord
 88808 | Zig:4    | Killed Siry the pandemonium lord
 88832 | Zig:5    | Entered Level 5 of a ziggurat
 88879 | Zig:6    | Entered Level 6 of a ziggurat
 88885 | Zig:6    | Noticed a dread lich
 88885 | Zig:6    | Noticed an ancient lich
 88885 | Zig:6    | Noticed an ancient lich
 88893 | Zig:6    | Killed an ancient lich
 88894 | Zig:6    | Killed a dread lich
 88898 | Zig:6    | Killed an ancient lich
 88918 | Zig:7    | Entered Level 7 of a ziggurat
 88924 | Zig:7    | Gained mutation: You are dopey. (Int -2) [a shining eye]
 88951 | Zig:7    | Found the +8 lance "Wyrmbane" {slay drac, rPois rF+ rC+
                  | AC+3}
 88951 | Zig:7    | Gained mutation: You occasionally lose the ability to read
                  | scrolls when taking damage. [a shining eye]
 88960 | Zig:7    | Gained mutation: Your body sometimes deteriorates upon
                  | taking damage. [a shining eye]
 88972 | Zig:7    | Identified the ring "Boatan" {Wiz Str+4}
 88979 | Zig:7    | Identified the ring "Qyab" {rPois rC+ rN+}
 88986 | Zig:7    | Identified the +7 lajatang of the Wasteland {drain, rPois
                  | rN+}
 88987 | Zig:7    | Identified the +7 plate armour of Precision Catastrophes
                  | {rF+ Str+5}
 88994 | Zig:8    | Entered Level 8 of a ziggurat
 89033 | Zig:8    | Acquired 1059 gold pieces
 89045 | Zig:8    | Identified the +2 arbalest of Indignation {flame, rN+ Str-5
                  | Int+3 Dex+4}
 89049 | Zig:9    | Entered Level 9 of a ziggurat
 89056 | Zig:9    | Found the +10 morningstar "Eos" {elec, Halo rElec}
 89068 | Zig:9    | Gained mutation: Armour fits poorly on your strangely
                  | shaped body. [a shining eye]
 89096 | Zig:9    | Lost mutation: Your magical capacity is low. (-10% MP)
                  | [potion of mutation]
 89096 | Zig:9    | Lost mutation: You have large cloven feet. [potion of
                  | mutation]
 89096 | Zig:9    | Lost mutation: Your spells are harder to cast, but more
                  | powerful. [potion of mutation]
 89097 | Zig:9    | Lost mutation: Your natural rate of healing is unusually
                  | fast. [potion of mutation]
 89097 | Zig:9    | Lost mutation: You are clumsy. (Dex -2) [potion of
                  | mutation]
 89097 | Zig:9    | Gained mutation: You passively map a small area around you.
                  | [potion of mutation]
 89097 | Zig:9    | Lost mutation: Armour fits poorly on your strangely shaped
                  | body. [potion of mutation]
 89098 | Zig:9    | Lost mutation: You occasionally lose the ability to read
                  | scrolls when taking damage. [potion of mutation]
 89098 | Zig:9    | Lost mutation: You are vulnerable to cold. (rC-) [potion of
                  | mutation]
 89098 | Zig:9    | Lost mutation: Your spells are a little harder to cast, but
                  | a little more powerful. [potion of mutation]
 89098 | Zig:9    | Gained mutation: You occasionally shout uncontrollably at
                  | your foes. [potion of mutation]
 89098 | Zig:9    | Gained mutation: Your spells are a little easier to cast,
                  | but a little less powerful. [potion of mutation]
 89099 | Zig:9    | Lost mutation: You have sharp fingernails. [potion of
                  | mutation]
 89099 | Zig:9    | Lost mutation: You occasionally shout uncontrollably at
                  | your foes. [potion of mutation]
 89099 | Zig:9    | Lost mutation: Your body sometimes deteriorates upon taking
                  | damage. [potion of mutation]
 89099 | Zig:9    | Lost mutation: You are dopey. (Int -2) [potion of mutation]
 89099 | Zig:9    | Gained mutation: You are vulnerable to heat. (rF-) [potion
                  | of mutation]
 89099 | Zig:9    | Gained mutation: You are covered in fur. (AC +1) [potion of
                  | mutation]
 89275 | Zig:10   | Entered Level 10 of a ziggurat
 89284 | Zig:10   | Noticed a dread lich
 89284 | Zig:10   | Noticed a dread lich
 89292 | Zig:10   | Killed a dread lich
 89294 | Zig:10   | Killed a dread lich
 89337 | Zig:11   | Entered Level 11 of a ziggurat
 89349 | Zig:11   | Noticed an ancient lich
 89360 | Zig:11   | Killed an ancient lich
 89400 | Zig:11   | Identified the staff of Summertime {rElec Ice Air}
 89736 | Tomb:1   | Entered Level 1 of the Tomb of the Ancients
 89869 | Tomb:1   | Noticed a royal mummy
 89880 | Tomb:1   | Reached skill level 15 in Translocations
 89880 | Tomb:1   | Killed a royal mummy
 89951 | Tomb:1   | Noticed a royal mummy
 89959 | Tomb:1   | Noticed a royal mummy
 89965 | Tomb:1   | Killed a royal mummy
 89971 | Tomb:1   | Killed a royal mummy
 90631 | Tomb:1   | Identified the +5 quarterstaff of Wamisaiq {freeze, rCorr
                  | Str+5 Int+2}
 90743 | Tomb:2   | Noticed a royal mummy
 90744 | Tomb:2   | Noticed a royal mummy
 90751 | Tomb:2   | Noticed a royal mummy
 90752 | Tomb:2   | Killed a royal mummy
 90753 | Tomb:2   | Killed a royal mummy
 90753 | Tomb:2   | Noticed a royal mummy
 90756 | Tomb:2   | Noticed a royal mummy
 90765 | Tomb:2   | Killed a royal mummy
 90769 | Tomb:2   | Killed a royal mummy
 90769 | Tomb:2   | Killed a royal mummy
 91307 | Tomb:1   | Noticed a royal mummy
 91315 | Tomb:1   | Killed a royal mummy
 91337 | Tomb:1   | Noticed a royal mummy
 91342 | Tomb:1   | Killed a royal mummy
 91408 | Tomb:1   | Noticed a royal mummy
 91419 | Tomb:1   | Killed a royal mummy
 91545 | Tomb:1   | Noticed a royal mummy
 91552 | Tomb:1   | Killed a royal mummy
 91555 | Tomb:1   | Noticed a royal mummy
 91557 | Tomb:1   | Noticed a royal mummy
 91563 | Tomb:1   | Killed a royal mummy
 91566 | Tomb:1   | Killed a royal mummy
 91601 | Tomb:1   | Noticed a royal mummy
 91609 | Tomb:1   | Killed a royal mummy
 91614 | Tomb:1   | Noticed a royal mummy
 91630 | Tomb:1   | Noticed a royal mummy
 91631 | Tomb:1   | Killed a royal mummy
 91642 | Tomb:1   | Killed a royal mummy
 91766 | Tomb:1   | Noticed a royal mummy
 91770 | Tomb:1   | Killed a royal mummy
 91780 | Tomb:1   | Noticed a royal mummy
 91784 | Tomb:1   | Noticed a royal mummy
 91791 | Tomb:1   | Killed a royal mummy
 91793 | Tomb:1   | Killed a royal mummy
 91893 | Tomb:1   | Noticed a royal mummy
 91907 | Tomb:1   | Killed a royal mummy
 91919 | Tomb:1   | Identified the +0 cloak "Sauvu" {rN+ Stlth+}
 91922 | Tomb:1   | Noticed a royal mummy
 91927 | Tomb:1   | Noticed a royal mummy
 91935 | Tomb:1   | Killed a royal mummy
 91938 | Tomb:1   | Noticed a royal mummy
 91943 | Tomb:1   | Killed a royal mummy
 91950 | Tomb:1   | Killed a royal mummy
 91952 | Tomb:1   | Noticed a royal mummy
 91960 | Tomb:1   | Killed a royal mummy
 92243 | Tomb:1   | Noticed a royal mummy
 92255 | Tomb:1   | Noticed a royal mummy
 92256 | Tomb:1   | Killed a royal mummy
 92262 | Tomb:1   | Killed a royal mummy
 92368 | Tomb:1   | Noticed a royal mummy
 92375 | Tomb:1   | Killed a royal mummy
 92380 | Tomb:1   | Noticed a royal mummy
 92387 | Tomb:1   | Killed a royal mummy
 92463 | Tomb:2   | Gained mutation: You sometimes lose your temper in combat.
                  | [mutagenic glow]
 92478 | Tomb:2   | Gained mutation: You do not regenerate when monsters are
                  | visible. [mutagenic glow]
 92669 | Tomb:2   | Lost mutation: You sometimes lose your temper in combat.
                  | [potion of mutation]
 92669 | Tomb:2   | Lost mutation: You passively map a small area around you.
                  | [potion of mutation]
 92669 | Tomb:2   | Gained mutation: You are frail. (-10% HP) [potion of
                  | mutation]
 92669 | Tomb:2   | Gained mutation: Your skin changes colour to match your
                  | surroundings (Stealth+). [potion of mutation]
 92670 | Tomb:2   | Lost mutation: You are weak. (Str -2) [potion of mutation]
 92670 | Tomb:2   | Lost mutation: You are vulnerable to heat. (rF-) [potion of
                  | mutation]
 92670 | Tomb:2   | Gained mutation: You are weak. (Str -2) [potion of
                  | mutation]
 92670 | Tomb:2   | Gained mutation: Your skin blends seamlessly with your
                  | surroundings (Stealth++). [potion of mutation]
 92671 | Tomb:2   | Lost mutation: Your skin blends seamlessly with your
                  | surroundings (Stealth++). [potion of mutation]
 92671 | Tomb:2   | Lost mutation: You are weak. (Str -2) [potion of mutation]
 92671 | Tomb:2   | Lost mutation: You do not regenerate when monsters are
                  | visible. [potion of mutation]
 92671 | Tomb:2   | Gained mutation: You are weak. (Str -2) [potion of
                  | mutation]
 92674 | Tomb:3   | Entered Level 3 of the Tomb of the Ancients
 92688 | Tomb:3   | Noticed a royal mummy
 92700 | Tomb:3   | Noticed a royal mummy
 92710 | Tomb:3   | Killed a royal mummy
 92720 | Tomb:3   | Killed a royal mummy
 92724 | Tomb:3   | Noticed a royal mummy
 92729 | Tomb:3   | Noticed a royal mummy
 92731 | Tomb:3   | Killed a royal mummy
 92755 | Tomb:3   | Killed a royal mummy
 92793 | Tomb:3   | Identified the +6 swamp dragon scales "Estre" {rPois Will+
                  | Dex+3}
 92800 | Tomb:3   | Identified the ring of the King {Wiz rPois rF+ Int+3}
 92805 | Tomb:3   | Identified the -1 cloak of Death's Door {Rampage rPois
                  | Dex-5}
 92830 | Tomb:3   | Identified the ring of Akut {rC- Will+ Str+3 Dex+3 Stlth+}
 92839 | Tomb:3   | Identified the ring of Mokois {rCorr Str+3 Int+6 Stlth+}
 92882 | Tomb:3   | Identified the ring of Furiw {rElec rC+ Will+ Int+4}
 93000 | Tomb:3   | Identified the staff "Impslayer" {rF+ Str-4 SInv Earth}
 93082 | Tomb:3   | Noticed a royal mummy
 93087 | Tomb:3   | Killed a royal mummy
 93088 | Tomb:3   | Reached skill level 15 in Spellcasting
 93117 | Tomb:3   | Noticed a royal mummy
 93123 | Tomb:3   | Killed a royal mummy
 93124 | Tomb:3   | Noticed a royal mummy
 93129 | Tomb:3   | Killed a royal mummy
 93130 | Tomb:3   | Noticed a royal mummy
 93143 | Tomb:3   | Killed a royal mummy
 93151 | Tomb:3   | Noticed a royal mummy
 93156 | Tomb:3   | Killed a royal mummy
 93242 | Tomb:3   | Got a golden rune of Zot
 93305 | Tomb:3   | Got the Precepts of Virulent Combustion
 93309 | Tomb:3   | Identified the +1 robe "Usaiser" {Harm}
 94065 | Zot:5    | Got the Orb of Zot
 94157 | Zot:4    | Noticed Pofix the pandemonium lord
 94165 | Zot:4    | Killed Pofix the pandemonium lord
 94637 | D:1      | Noticed Lekevi Pekus the pandemonium lord
 94649 | D:$      | Escaped with the Orb!

Illustrated notes

Levels and vault maps discovered:
D:1:      co_arrival_two_rings, layout_loops_ring
D:2:      layout_loops_corners, supply_closet_lemuel, grunt_decor_junction,
          serial_bayou_ford_a, kennysheep_generic_room_2
D:3:      layout_rooms, nicolae_wu_jian_wuxing_cycle, uniq_jessica
D:4:      layout_cave_pods, nzn_hepliaklqana_mist_gate, uniq_menkaure,
          uniq_natasha
D:5:      cheibrodos_helix_gallery, layout_layer_cave, serial_glass,
          glass_columns_b, glass_columns_a, glass_columns_b, glass_columns_a,
          glass_columns_c, glass_columns_b, glass_columns_c, glass_columns_a,
          glass_columns_a, glass_columns_b, uniq_grinder, uniq_eustachio
D:6:      layout_basic, lemuel_doored_altar, minmay_misc_feat_square,
          serial_bayou_pond_d, nicolae_shop_clearance, uniq_duvessa
D:7:      cheibrodos_two_vegetables, layout_rooms,
          minmay_temple_entry_butterflies, minmay_microvault
D:8:      layout_rooms, grunt_temple_overflow_forces_of_nature,
          mainiacjoe_overflow_tiny_flanked, lemuel_coloured_pillars_altar,
          mainiacjoe_overflow_boulevard, kennysheep_slug_shrine,
          hangedman_abyss_or_decor_stabs
D:9:      layout_cross, mainiacjoe_overflow_chevrons, regret_index_xom_of_box,
          elyvilon_altar_5, kennysheep_okawaru_gauntlet, orc_0_dummy
D:10:     layout_gridville, nemelex_xobeh_ov_fountains_minmay
D:11:     layout_basic, erik_lair_island, gauntlet_entry_generic,
          lightli_airlock
D:12:     layout_cave_pools, serial_column_ruins, column_ruins_square_small,
          column_ruins_hut, column_ruins_grid_2, column_ruins_open_tiny,
          column_ruins_open_tiny, column_ruins_grid_1,
          column_ruins_columns_corner, minmay_between, uniq_erolcha
D:13:     layout_basic, david_vaults_5,
          serial_library_regret_index_branch_corner,
          chequers_serial_rivers_small_3, hangedman_decor_push
D:14:     layout_small_grid, minivault_19, uniq_jorgrun
D:15:     hellmonk_depths_entry_around_the_bend, layout_irregular_city
Lair:1:   layout_long_grid, infiniplex_staircase_pool_2
Lair:2:   layout_chaotic_city, alex1729_swamp_entry_worm_eleionoma,
          uniq_nergalle
Lair:3:   layout_long_grid, nicolae_spider_entry_orb_guardian,
          grunt_megastairs_2, uniq_rupert
Lair:4:   nzn_winding_woodlands_stair_trap [nzn_winding_woodlands_5x15_default,
          nzn_winding_woodlands_5x15_eye, nzn_winding_woodlands_5x15_default,
          nzn_winding_woodlands_15x15_five_gardens,
          nzn_winding_woodlands_5x15_concentric,
          nzn_winding_woodlands_5x15_longhouse,
          nzn_winding_woodlands_5x15_sawtooth], layout_gridlike,
          nicolae_lair_run_with_the_wolves
Lair:5:   evil_forest, layout_regular_city, slime_entry_1, basic_altar
Swamp:1:  layout_basic_swamp, evilmike_swamp_ruin_house_5, swamp_pool_4,
          nicolae_swamp_tree_isthmus, infiniplex_staircase_pool
Swamp:2:  cheibrodos_swamp_tower_of_moss, layout_basic_swamp,
          evilmike_swamp_ruin_house_3, swamp_pool_4
Swamp:3:  layout_falls_marsh, evilmike_swamp_ruin_house_1, swamp_pool_1_2,
          uniq_mara
Swamp:4:  swamp_basic_johnstein, layout_basic_swamp
Spider:1: layout_cave_pods, drop_trap
Spider:2: layout_chambers, nicolae_spider_bzzzt,
          hangedman_spider_tarantella_strand
Spider:3: layout_spider_delve
Spider:4: hellmonk_spider_rune_endless_swarm, nicolae_spider_stair_cavern,
          uniq_aizul
Slime:1:  layout_caves, uniq_donald
Slime:2:  layout_caves
Slime:3:  layout_caves
Slime:4:  layout_caves
Slime:5:  slime_pit_nicolae_trefoil
Orc:1:    layout_caves, basic_altar, roderic_batcave
Orc:2:    st_orc_open, layout_caves, basic_altar
Elf:1:    elf_arrival_001, layout_geoelf_octagon, serial_shops, shop_statue,
          basic_altar, minmay_elf_sorcery, grunt_megastairs_5,
          lemuel_upstairs_altar, uniq_zenata
Elf:2:    nicolae_elf_blades_splatter_lattice [nicolae_blade_entry_antechamber],
          layout_geoelf_diagonals
Elf:3:    minmay_elf_hall_curves, layout_gridlike, serial_sigils_hangedman_gut,
          grunt_megastairs_4
Vaults:1: nicolae_vaults_closet_pinwheel_5, v_alt_pattern_1,
          hangedman_vaults_cutoff, nicolae_vaults_mini_display_case,
          nicolae_vaults_tetromino_Z_1, v_alt_pattern_4,
          nicolae_vaults_tetromino_Z_2, v_misc_25, grunt_vaults_hallway_short,
          layout_vaults_quadrants
Vaults:2: hangedman_vaults_corner, nicolae_vaults_mitosis,
          nicolae_vaults_variable_pillar_hall, minmay_crypt_entry_simple_box,
          hangedman_vaults_nodes, nicolae_vaults_closet_pinwheel_1, v_misc_32,
          tekkud_shop_of_orbs, ontoclasm_vaults_gateway, vaults_room_boxed,
          vaults_room_hallway, v_misc_8, vaults_room_fancy_cross,
          hangedman_vaults_stretched_pinwheel, vaults_dpeg_hooks,
          layout_vaults_maze, uniq_sojobo
Vaults:3: ontoclasm_vaults_ring_large, nooodl_orcs_dogs, hangedman_vaults_pinch,
          nicolae_vaults_closet_pinwheel_5, v_misc_5, ontoclasm_vaults_chip,
          ontoclasm_vaults_shuriken, ontoclasm_vaults_loading_screen,
          nicolae_vaults_trapezoid_3, nicolae_vaults_apartment_2,
          layout_vaults_ring, serial_shops, nicolae_shop_pleasant_corner_grove
Vaults:4: v_pattern_1, nicolae_vaults_ellipses_ellipsis, hangedman_vaults_slice,
          v_misc_28, nicolae_vaults_swerve, nicolae_vaults_network_quinsquares
          [nicolae_vaults_network_quincunx_subvault,
          nicolae_vaults_network_quincunx_subvault,
          nicolae_vaults_network_quincunx_subvault,
          nicolae_vaults_network_quincunx_subvault],
          nicolae_vaults_storage_room_statues, nicolae_vaults_minivaults,
          nicolae_vaults_network_square, nicolae_vaults_trapezoid_lopsided_1,
          vaults_dpeg_ring, layout_vaults_omnibox, serial_shops, bzr_entry_water
Vaults:5
Crypt:1:  layout_misc_corridors
Crypt:2:  layout_basic, uniq_jory, uniq_mennas, uniq_bai_suzhen
Crypt:3:  church_of_pain_bobbens, layout_chaotic_city, minivault_14,
          minicrypt_bobbens, uniq_vv
Tomb:1
Tomb:2
Tomb:3
Depths:1: layout_basic, grunt_mini_vestibule, rand_demon_pan_entry_3,
          minmay_misc_feat_roman, minmay_door_square, drop_trap, minivault_16,
          nicolae_diode_basic
Depths:2: minmay_tri_stars, layout_cave_shapes, pan_entry,
          ebering_dispersal_statue_hall, pf_vacation_house_of_asmodeus,
          nicolae_abyss_entry_one_way_or_another
Depths:3: minmay_inner_zag, layout_gridlike, pf_coc_iceberg, abyss_entry,
          minmay_misc_feat_ornament, minmay_shop_grove,
          minmay_staircase_windowed_small
Depths:4: grunt_zot_entry_alcove, layout_basic, enter_ziggurat_e, hell_entry,
          minmay_misc_feat_encased, regret_index_abyss_entry_already_here,
          serial_nicolae_subway, nicolae_sub_station_metal,
          nicolae_sub_station_stone, nicolae_sub_station_crystal
Hell
Dis:1:    layout_regular_city
Dis:2:    layout_regular_city
Dis:3:    layout_jigsaw
Dis:4:    layout_gridville
Dis:5:    layout_gridville, minmay_strange_pillars
Dis:6:    lightli_tower_of_babel
Dis:7:    iron_city_of_dis [dis_grunt, dis_wall_4], layout_gridville,
          nicolae_dis_step_into_the_octagon
Geh:1:    layout_gehenna_pools_box, lemuel_flamethrower_3
Geh:2:    layout_gehenna_lava_caves
Geh:3:    layout_gehenna_pools_box, nicolae_geh_lava_lounge
Geh:4:    layout_gehenna_pools_basic, nicolae_hells_hurtin_island
Geh:5:    layout_gehenna_pools_triple
Geh:6:    layout_gehenna_pools_basic
Geh:7:    geh_grunt
Coc:1:    layout_ice_bergs
Coc:2:    layout_cocytus_delve
Coc:3:    layout_cocytus_delve
Coc:4:    layout_cocytus_water_paths
Coc:5:    layout_cocytus_delve
Coc:6:    layout_cocytus_water_paths
Coc:7:    coc_mu
Tar:1:    layout_honeycomb
Tar:2:    layout_cathedral_of_symmetry, nicolae_tar_cuneiform_water,
          nicolae_tar_grid_combs
Tar:3:    layout_cathedral_of_symmetry, nicolae_tar_cuneiform_bird
Tar:4:    layout_honeycomb, nicolae_tar_cuneiform_water
Tar:5:    layout_honeycomb
Tar:6:    layout_grid_maze
Tar:7:    tar_minmay_river
Zot:1:    ebering_greatest_show_in_zot, layout_twisted_circle, st_stairs_8,
          grunt_ministairs_13, regret_index_zotdec_dark_gr
Zot:2:    layout_gridlike, nicolae_diode_quadrants
Zot:3:    layout_onion, regret_index_zotdec_onion_hex
Zot:4:    layout_cellular_growth
Zot:5:    layout_cellular_growth, gammafunk_ghost_abyssal_escape

Skill      XL: |  1  2  3  4  5  6  7  8  9 10 11 12 13 14 15 16 17 18 19 20 21 22 23 24 25 26 27 |
---------------+----------------------------------------------------------------------------------+-----
Axes           | 3 4 5 6 7 9 10 11 12 13 14 15 16 18 | 18.0
Fighting       | 4 7 10 12 13 14 15 17 18 19 20 27 | 27.0
Shields        | 4 7 9 11 13 14 15 16 17 19 21 22 | 22.0
Evocations     | 3 6 8 10 11 12 14 15 | 15.0
Dodging        | 6 8 11 14 17 18 25 | 25.0
Stealth        | 6 10 | 10.0
Invocations    | 9 14 18 21 27 | 27.0
Spellcasting   | 2 5 7 10 15 | 15.0
Translocations | 2 5 7 10 19 | 19.9
Throwing       | 21 | 21.6
Armour         | 27 | 27.0

Action                     |  1- 3 |  4- 6 |  7- 9 | 10-12 | 13-15 | 16-18 | 19-21 | 22-24 | 25-27 || total
---------------------------+-------+-------+-------+-------+-------+-------+-------+-------+-------++-------
  Melee: Hand axe          |   145 |   183 |   184 |   481 |   566 |     6 |       |       |       ||  1565
         Mace              |       |       |    25 |    31 |       |       |       |       |       ||    56
         Broad axe         |       |       |       |       |   445 |  1146 |   762 |  1393 |  1267 ||  5013
         War axe           |       |       |       |       |       |    74 |   119 |       |       ||   193
         Eveningstar       |       |       |       |       |       |       |   501 |    23 |       ||   524
         Trishula          |       |       |       |       |       |       |       |    88 |       ||    88
         Labrys            |       |       |       |       |       |       |       |       |  5439 ||  5439
  Throw: Dart              |     6 |     6 |     1 |     5 |    14 |     7 |       |       |     3 ||    42
         Javelin           |       |       |       |       |       |       |       |       |    45 ||    45
         Boomerang         |       |       |       |       |       |       |       |       |    26 ||    26
         Throwing net      |       |       |       |       |       |       |       |       |     1 ||     1
   Cast: Manifold Assault  |       |       |       |       |       |       |       |       |    19 ||    19
         Maxwell's Portabl |       |       |       |       |       |       |       |       |     1 ||     1
 Invoke: Berserk           |       |     2 |     2 |    12 |     9 |     9 |    10 |     1 |       ||    45
         Trog's Hand       |       |     1 |     5 |     4 |    13 |    10 |    11 |     5 |       ||    49
         Brothers in Arms  |       |       |     1 |     1 |     2 |     1 |     4 |     1 |       ||    10
         Cleansing Flame   |       |       |       |       |       |       |       |    14 |    69 ||    83
         Divine Shield     |       |       |       |       |       |       |       |    10 |    56 ||    66
         Summon Divine War |       |       |       |       |       |       |       |     2 |    23 ||    25
         Brand Weapon With |       |       |       |       |       |       |       |     1 |       ||     1
  Evoke: Wand              |       |       |       |       |     2 |     1 |    10 |       |    32 ||    45
         Gell's gravitambo |       |       |       |       |       |     2 |     1 |     2 |     5 ||    10
         Tin of tremorston |       |       |       |       |       |       |     2 |     2 |     4 ||     8
         Phantom mirror    |       |       |       |       |       |       |       |     2 |     2 ||     4
         Box of beasts     |       |       |       |       |       |       |       |     2 |     1 ||     3
    Use: Scroll            |       |     5 |     4 |    13 |     3 |     5 |    12 |     9 |    50 ||   101
         Potion            |       |     1 |     1 |     2 |       |       |     3 |    11 |    48 ||    66
   Stab: Sleeping          |       |       |       |       |     1 |     8 |     3 |       |       ||    12
         Petrified         |       |       |       |       |       |     1 |       |       |       ||     1
         Distracted        |       |       |       |       |       |     1 |     5 |     2 |       ||     8
         Paralysed         |       |       |       |       |       |       |     3 |       |       ||     3
         Invisible         |       |       |       |       |       |       |       |     3 |       ||     3
 Armour: Animal skin       |    60 |       |       |       |       |       |       |       |       ||    60
         Ring mail         |    54 |   123 |   166 |   411 |   592 |       |       |       |       ||  1346
         Scale mail        |       |       |       |       |   192 |   897 |   258 |       |       ||  1347
         Gold dragon scale |       |       |       |       |       |       |   440 |   540 |  2557 ||  3537
  Dodge: Dodged            |    82 |   108 |   111 |   230 |   382 |   549 |   553 |   355 |  1380 ||  3750
  Block: Kite shield       |       |       |       |    95 |   555 |   880 |   646 |       |       ||  2176
         Tower shield      |       |       |       |       |       |       |   770 |  2076 |  7814 || 10660
         Reflection        |       |       |       |       |       |       |    23 |    35 |   266 ||   324
Riposte: Broad axe         |       |       |       |       |       |   352 |   274 |   627 |   544 ||  1797
         War axe           |       |       |       |       |       |    18 |    50 |       |       ||    68
         Eveningstar       |       |       |       |       |       |       |   233 |     4 |       ||   237
         Trishula          |       |       |       |       |       |       |       |    72 |       ||    72
         Labrys            |       |       |       |       |       |       |       |       |  1325 ||  1325

Table legend: (Time is in decaauts)
 A = Elapsed time spent in this place.
 B = Non-inter-level travel time spent in this place.
 C = Inter-level travel time spent in this place.
 D = Time resting spent in this place.
 E = Time spent auto-exploring this place.
 F = Levels seen in this place.
 G = Mean time per level.
                   A        B        C        D        E       F      G
               +--------+--------+--------+--------+--------+-----+--------+
         Total |  93272 |  77871 |  15401 |   8537 |  44100 | 126 |  740.3 |
       Dungeon |  16450 |  11945 |   4505 |   1061 |   7991 |  15 | 1096.7 |
          Lair |   6343 |   4781 |   1562 |    238 |   3231 |   5 | 1268.6 |
         Swamp |   3088 |   2591 |    497 |    414 |   1395 |   4 |  772.0 |
   Spider Nest |   5025 |   4396 |    629 |    292 |   2784 |   4 | 1256.2 |
    Slime Pits |   1235 |   1151 |     84 |    111 |    495 |   5 |  247.0 |
  Orcish Mines |   1676 |   1289 |    387 |    365 |    621 |   2 |  838.0 |
   Elven Halls |   4152 |   2984 |   1168 |     79 |   1862 |   3 | 1384.0 |
        Vaults |   9584 |   7518 |   2066 |    770 |   4568 |   5 | 1916.8 |
         Crypt |   3492 |   3081 |    411 |    302 |   1874 |   3 | 1164.0 |
          Tomb |   3804 |   3412 |    392 |    855 |   1552 |   3 | 1268.0 |
        Depths |   6327 |   5499 |    828 |     67 |   4282 |   4 | 1581.8 |
          Hell |    891 |    594 |    297 |    113 |    296 |   1 |  891.0 |
           Dis |   2848 |   2507 |    341 |    446 |    461 |   7 |  406.9 |
       Gehenna |   1948 |   1688 |    260 |    416 |    304 |   7 |  278.3 |
       Cocytus |   2007 |   1687 |    320 |    509 |    173 |   7 |  286.7 |
      Tartarus |   2709 |   1984 |    725 |     53 |    779 |   7 |  387.0 |
           Zot |   7307 |   6383 |    924 |   1497 |   3251 |   5 | 1461.4 |
         Abyss |    508 |    508 |      0 |     22 |    156 |   4 |  127.0 |
   Pandemonium |  12577 |  12577 |      0 |    652 |   7695 |  22 |  571.7 |
      Ziggurat |    714 |    714 |      0 |    179 |     78 |  11 |   64.9 |
        Bazaar |    107 |    107 |      0 |      0 |    101 |   1 |  107.0 |
      Gauntlet |    469 |    469 |      0 |     89 |    147 |   1 |  469.0 |
               +--------+--------+--------+--------+--------+-----+--------+

Top non-repeatable levels by time:
Vaults:5: 2376 daAuts
Vaults:2: 2289 daAuts
   Zot:5: 2269 daAuts
  Tomb:1: 2249 daAuts
Depths:2: 2069 daAuts
   Tar:7: 1929 daAuts
Vaults:1: 1888 daAuts
   Dis:7: 1836 daAuts
   Elf:1: 1687 daAuts
  Lair:4: 1649 daAuts
Vaults:4: 1595 daAuts
   Zot:4: 1575 daAuts
    D:13: 1548 daAuts
Spider:2: 1512 daAuts
Depths:1: 1509 daAuts
